Workbook
Name Acad._Aff.: #REF!
Name Acad_Aff_BCF: #REF!
Name Acad_Aff_ExeGlobal: #REF!
Name Acad_Aff_NTL: #REF!
Name AccountType: 'Budget Modification Form'!$W$4:$W$10
Name AcctInfo: '[1]Budget form'!#REF!
Name AcctInfo: [2]Source!$F$2:$G$195
Name Action: 'Budget Modification Form'!$V$4:$V$8
Name Allocation: 'Budget Modification Form'!$Y$4:$Y$7
Name Assignment: '[3]Business Unit Dropdown List'!$H$2:$H$19
Name Assignment2: #REF!
Name AssmtNum: '[3]Business Unit Dropdown List'!$I$2:$I$5
Name BAR03VPSA: '[4]Crosswalk NTL Prgrm-Project_JH'!$F$103:$F$106
Name BCF_BCF: #REF!
Name Bert_Wasserman_Dept_Eco_and_Fin: 'Budget form_SAMPLE PAGE'!#REF!
Name Bert_Wasserman_Dept_Eco_and_Fin: '[5]Budget form-ALL'!#REF!
Name BusinessUnit: '[3]Business Unit Dropdown List'!$B$2:$B$8
Name Communications_BCF: #REF!
Name Date: [6]Source!$H$2:$H$1950
Name DateRange: Date_Range_for_Forms[Date]
Name Dates: 'Date Range for Forms'!$C$2:$C$95
Name DropBy: [2]Source!$B$41:$B$42
Name EXPCODES: '[1]Budget form'!#REF!
Name EXPCODES: [2]Source!$J$2:$L$859
Name EXPCOM: [2]Source!$A$32:$B$36
Name ExpenseDescr: [6]Source!#REF!
Name ExpenseName: #REF!
Name ExpenseNames: [6]!ExpenseAccts[Expense Description]
Name ExpenseNumber: #REF!
Name EXPtitles: [2]Source!$E$1:$E$1
Name Fieldheads: [2]Source!$R$2:$Y$4
Name fiscalyear: 'Date Range for Forms'!$F$2:$F$7
Name Fundhead: 'Budget form_SAMPLE PAGE'!#REF!
Name Heading: 'Budget form_SAMPLE PAGE'!#REF!
Name Heading: [2]Source!$R$2:$S$4
Name IFR: [7]IFR!$B$5:$B$11
Name Ledger: 'Budget form_SAMPLE PAGE'!$V$5:$V$7
Name Ledger: 'Budget Modification Form'!#REF!
Name Library_BCF: #REF!
Name list_level1: Level_1[Column1]
Name list_level2: INDEX(tmp_list_level2,1):INDEX(tmp_list_level2,COUNTA(tmp_list_level2))
Name list_level3: INDEX(tmp_list_level3,1):INDEX(tmp_list_level3,COUNTA(tmp_list_level3))
Name MSPIA: #REF!
Name MSPIA_BCF: #REF!
Name MSPIA_ExeGlobal: #REF!
Name MSPIA_NTL: #REF!
Name Non_Tax_Levy_Assoc: '[8]Bar03 Tree Linked'!$B$7:$B$19
Name Non_Tax_Levy_AUX: '[8]Non Tax-Levy'!$F$141:$F$143
Name Non_Tax_Levy_ELC: '[8]Non Tax-Levy'!$F$104
Name OCA_BCF: #REF!
Name OCM: 'Budget form_SAMPLE PAGE'!#REF!
Name OptDescr: OptCodes[Program, Spec Init, Fnd Src, OU Description]
Name PaymentInterval: '[3]Business Unit Dropdown List'!$A$2:$A$6
Name President: #REF!
Name President_BCF: #REF!
Name President_NTL: #REF!
Name Program: [2]Source!$A$31:$A$35
Name Starr_Career_BCF: #REF!
Name Tax_Levy: '[7]Tax Levy'!$A$3:$A$14
Name techfee: OptionalCodes!$H$2:$H$10

Sheet Budget Modification Form
K3: =IFERROR(IF(C6="", "Budget Change Request ", "FY"&RIGHT(C6,2)&" Budget Change Request")," ") -> Budget Change Request | V3: Action | W3: Account Type | X3: Affected Fiscal year(s): | Y3: Allocation
K4: =IFERROR(IF(C8=" ", "Tax Levy", IF(C7="Tax Levy", "Tax Levy", "IFR")), " ") -> Tax Levy
J5: Send all Budget Change Requests to: | K5: BudgetChangeRequest@baruch.cuny.edu | V5: Modification | W5: Adjunct | X5: Current YR only | Y5: BASE-Unrestricted
B6: Select Fiscal Year: | H6: All requests will be processed ASAP, and an updated Budget file will be saved in the All-Funds Budget & Budget Information drive at the end of the day. | V6: New CUNY Funding | W6: Temps-Non Teach Adj | X6: Permanent | Y6: BASE-Restricted
A7: 1. | B7: Ledger: | V7: Initial Allocation | W7: OTPS | Y7: INTRA-UNIVERSITY(CUNY Transfers)
A8: 2. | B8: Business Unit: | C8: =IF(OR(C7="IFR",C7="Tax Levy"),"BAR01",IF(C7="Non Tax-Levy","BAR55",IF(C7="Non Tax-Levy-AUX","BAR02",IF(C7="Non Tax-Levy-ELC","BAR04",IF(C7="Non Tax Levy Assoc","BAR03"," "))))) | J8: *Requested By: | V8: Budget Realignment | W8: PS Regular
A9: 3. | B9: Action: | F9: (One-time and Permanent. See Comments for detail) | J9: *Date
A10: 4. | B10: Allocation: | F10: Required for Tax-Levy ONLY
B12: 5. Select a Division | E12: 6. Department Description | F12: 7. Select Major Purpose Code | G12: 8. Select Special Code Type (optional) | H12: 9. Select Special Code (optional) | I12: 10. Account Type | J12: 11. Increase/ (Decrease) | L12: Comments (Optional) | M12: CUNYFIRST Dept. Code | N12: Program Code | O12: Funding Source | P12: Special Initiatives | Q12: Operating Unit | R12: Fund Code | T12: Combo For chartfields Lookup | U12: Combo for MP lookup | W12: Optional Codes Type | Z12: Base
A13: 1 | M13: =IFERROR(IF($C$7="", "−−−−−−−►", _xlfn.XLOOKUP(B13&E13,Chartfields!S:S,Chartfields!E:E,"−−−−−−−►",0)),"−−−−−−−►") -> −−−−−−−► | N13: =IFERROR(IF(OR($M13="", $E13=""), "−−−−−−−►", IF($G13="Program",_xlfn.XLOOKUP($H13,OptCodes[Program, Spec Init, Fnd Src, OU Description],OptCodes[Program, Spec Init, Fnd Src, OU Codes],"Select Optional Code",0),_xlfn.XLOOKUP($T13,Chartfields!$T:$T,Chartfields!M:M,"N/A",0))), "−−−−−−−►") -> −−−−−−−► | O13: =IFERROR(IF(OR($M13="", $E13=""), "−−−−−−−►", IF($G13="Funding Src",_xlfn.XLOOKUP($H13,OptCodes[Program, Spec Init, Fnd Src, OU Description],OptCodes[Program, Spec Init, Fnd Src, OU Codes],"Select Optional Code",0),_xlfn.XLOOKUP($T13,Chartfields!$T:$T,Chartfields!O:O,"N/A",0))), "−−−−−−−►") -> −−−−−−−► | P13: =IFERROR(IF(OR($M13="", $E13=""), "−−−−−−−►", IF($G13="Spec. Initiative",_xlfn.XLOOKUP($H13,OptCodes[Program, Spec Init, Fnd Src, OU Description],OptCodes[Program, Spec Init, Fnd Src, OU Codes],"Select Optional Code",0),_xlfn.XLOOKUP($T13,Chartfields!$T:$T,Chartfields!Q:Q,"N/A",0))), "−−−−−−−►") -> −−−−−−−► | Q13: =IFERROR(IF(OR($M13="", $E13=""), "−−−−−−−►", IF($G13="Operating Unit",_xlfn.XLOOKUP($H13,OptCodes[Program, Spec Init, Fnd Src, OU Description],OptCodes[Program, Spec Init, Fnd Src, OU Codes],"Selection Optional Code",0),_xlfn.XLOOKUP($T13,Chartfields!$T:$T,Chartfields!K:K,"N/A",0))), "−−−−−−−►") -> −−−−−−−► | R13: =IFERROR(IF(OR($C$7="",B13=""), "−−−−−−−►",IF($C$7="Tax Levy", 10, IF($C$7="IFR", 11, "−−−−−−−►"))),"−−−−−−−►") -> −−−−−−−► | T13: =IF(OR($C$7="",B13="",E13=""),"",R13&M13&F13) | U13: =R13&M13 -> −−−−−−−►−−−−−−−► | W13: {=_xlfn.VSTACK("",_xlfn.UNIQUE(OptCodes[Type]))} | Z13: Excellence Fee
A14: 2 | M14: =IFERROR(IF($C$7="", "−−−−−−−►", _xlfn.XLOOKUP(B14&E14,Chartfields!S:S,Chartfields!E:E,"−−−−−−−►",0)),"−−−−−−−►") -> −−−−−−−► | N14: =IFERROR(IF(OR($M14="", $E14=""), "−−−−−−−►", IF($G14="Program",_xlfn.XLOOKUP($H14,OptCodes[Program, Spec Init, Fnd Src, OU Description],OptCodes[Program, Spec Init, Fnd Src, OU Codes],"Select Optional Code",0),_xlfn.XLOOKUP($T14,Chartfields!$T:$T,Chartfields!M:M,"N/A",0))), "−−−−−−−►") -> −−−−−−−► | O14: =IFERROR(IF(OR($M14="", $E14=""), "−−−−−−−►", IF($G14="Funding Src",_xlfn.XLOOKUP($H14,OptCodes[Program, Spec Init, Fnd Src, OU Description],OptCodes[Program, Spec Init, Fnd Src, OU Codes],"Select Optional Code",0),_xlfn.XLOOKUP($T14,Chartfields!$T:$T,Chartfields!O:O,"N/A",0))), "−−−−−−−►") -> −−−−−−−► | P14: =IFERROR(IF(OR($M14="", $E14=""), "−−−−−−−►", IF($G14="Spec. Initiative",_xlfn.XLOOKUP($H14,OptCodes[Program, Spec Init, Fnd Src, OU Description],OptCodes[Program, Spec Init, Fnd Src, OU Codes],"Select Optional Code",0),_xlfn.XLOOKUP($T14,Chartfields!$T:$T,Chartfields!Q:Q,"N/A",0))), "−−−−−−−►") -> −−−−−−−► | Q14: =IFERROR(IF(OR($M14="", $E14=""), "−−−−−−−►", IF($G14="Operating Unit",_xlfn.XLOOKUP($H14,OptCodes[Program, Spec Init, Fnd Src, OU Description],OptCodes[Program, Spec Init, Fnd Src, OU Codes],"Selection Optional Code",0),_xlfn.XLOOKUP($T14,Chartfields!$T:$T,Chartfields!K:K,"N/A",0))), "−−−−−−−►") -> −−−−−−−► | R14: =IFERROR(IF(OR($C$7="",B14=""), "−−−−−−−►",IF($C$7="Tax Levy", 10, IF($C$7="IFR", 11, "−−−−−−−►"))),"−−−−−−−►") -> −−−−−−−► | T14: =IF(OR($C$7="",B14="",E14=""),"",R14&M14&F14) | U14: =R14&M14 -> −−−−−−−►−−−−−−−► | W14: Funding Src | Z14: Intra-Univ
A15: 3 | M15: =IFERROR(IF($C$7="", "−−−−−−−►", _xlfn.XLOOKUP(B15&E15,Chartfields!S:S,Chartfields!E:E,"−−−−−−−►",0)),"−−−−−−−►") -> −−−−−−−► | N15: =IFERROR(IF(OR($M15="", $E15=""), "−−−−−−−►", IF($G15="Program",_xlfn.XLOOKUP($H15,OptCodes[Program, Spec Init, Fnd Src, OU Description],OptCodes[Program, Spec Init, Fnd Src, OU Codes],"Select Optional Code",0),_xlfn.XLOOKUP($T15,Chartfields!$T:$T,Chartfields!M:M,"N/A",0))), "−−−−−−−►") -> −−−−−−−► | O15: =IFERROR(IF(OR($M15="", $E15=""), "−−−−−−−►", IF($G15="Funding Src",_xlfn.XLOOKUP($H15,OptCodes[Program, Spec Init, Fnd Src, OU Description],OptCodes[Program, Spec Init, Fnd Src, OU Codes],"Select Optional Code",0),_xlfn.XLOOKUP($T15,Chartfields!$T:$T,Chartfields!O:O,"N/A",0))), "−−−−−−−►") -> −−−−−−−► | P15: =IFERROR(IF(OR($M15="", $E15=""), "−−−−−−−►", IF($G15="Spec. Initiative",_xlfn.XLOOKUP($H15,OptCodes[Program, Spec Init, Fnd Src, OU Description],OptCodes[Program, Spec Init, Fnd Src, OU Codes],"Select Optional Code",0),_xlfn.XLOOKUP($T15,Chartfields!$T:$T,Chartfields!Q:Q,"N/A",0))), "−−−−−−−►") -> −−−−−−−► | Q15: =IFERROR(IF(OR($M15="", $E15=""), "−−−−−−−►", IF($G15="Operating Unit",_xlfn.XLOOKUP($H15,OptCodes[Program, Spec Init, Fnd Src, OU Description],OptCodes[Program, Spec Init, Fnd Src, OU Codes],"Selection Optional Code",0),_xlfn.XLOOKUP($T15,Chartfields!$T:$T,Chartfields!K:K,"N/A",0))), "−−−−−−−►") -> −−−−−−−► | R15: =IFERROR(IF(OR($C$7="",B15=""), "−−−−−−−►",IF($C$7="Tax Levy", 10, IF($C$7="IFR", 11, "−−−−−−−►"))),"−−−−−−−►") -> −−−−−−−► | T15: =IF(OR($C$7="",B15="",E15=""),"",R15&M15&F15) | U15: =R15&M15 -> −−−−−−−►−−−−−−−► | W15: Operating Unit
A16: 4 | M16: =IFERROR(IF($C$7="", "−−−−−−−►", _xlfn.XLOOKUP(B16&E16,Chartfields!S:S,Chartfields!E:E,"−−−−−−−►",0)),"−−−−−−−►") -> −−−−−−−► | N16: =IFERROR(IF(OR($M16="", $E16=""), "−−−−−−−►", IF($G16="Program",_xlfn.XLOOKUP($H16,OptCodes[Program, Spec Init, Fnd Src, OU Description],OptCodes[Program, Spec Init, Fnd Src, OU Codes],"Select Optional Code",0),_xlfn.XLOOKUP($T16,Chartfields!$T:$T,Chartfields!M:M,"N/A",0))), "−−−−−−−►") -> −−−−−−−► | O16: =IFERROR(IF(OR($M16="", $E16=""), "−−−−−−−►", IF($G16="Funding Src",_xlfn.XLOOKUP($H16,OptCodes[Program, Spec Init, Fnd Src, OU Description],OptCodes[Program, Spec Init, Fnd Src, OU Codes],"Select Optional Code",0),_xlfn.XLOOKUP($T16,Chartfields!$T:$T,Chartfields!O:O,"N/A",0))), "−−−−−−−►") -> −−−−−−−► | P16: =IFERROR(IF(OR($M16="", $E16=""), "−−−−−−−►", IF($G16="Spec. Initiative",_xlfn.XLOOKUP($H16,OptCodes[Program, Spec Init, Fnd Src, OU Description],OptCodes[Program, Spec Init, Fnd Src, OU Codes],"Select Optional Code",0),_xlfn.XLOOKUP($T16,Chartfields!$T:$T,Chartfields!Q:Q,"N/A",0))), "−−−−−−−►") -> −−−−−−−► | Q16: =IFERROR(IF(OR($M16="", $E16=""), "−−−−−−−►", IF($G16="Operating Unit",_xlfn.XLOOKUP($H16,OptCodes[Program, Spec Init, Fnd Src, OU Description],OptCodes[Program, Spec Init, Fnd Src, OU Codes],"Selection Optional Code",0),_xlfn.XLOOKUP($T16,Chartfields!$T:$T,Chartfields!K:K,"N/A",0))), "−−−−−−−►") -> −−−−−−−► | R16: =IFERROR(IF(OR($C$7="",B16=""), "−−−−−−−►",IF($C$7="Tax Levy", 10, IF($C$7="IFR", 11, "−−−−−−−►"))),"−−−−−−−►") -> −−−−−−−► | T16: =IF(OR($C$7="",B16="",E16=""),"",R16&M16&F16) | U16: =R16&M16 -> −−−−−−−►−−−−−−−► | W16: Program
A17: 5 | M17: =IFERROR(IF($C$7="", "−−−−−−−►", _xlfn.XLOOKUP(B17&E17,Chartfields!S:S,Chartfields!E:E,"−−−−−−−►",0)),"−−−−−−−►") -> −−−−−−−► | N17: =IFERROR(IF(OR($M17="", $E17=""), "−−−−−−−►", IF($G17="Program",_xlfn.XLOOKUP($H17,OptCodes[Program, Spec Init, Fnd Src, OU Description],OptCodes[Program, Spec Init, Fnd Src, OU Codes],"Select Optional Code",0),_xlfn.XLOOKUP($T17,Chartfields!$T:$T,Chartfields!M:M,"N/A",0))), "−−−−−−−►") -> −−−−−−−► | O17: =IFERROR(IF(OR($M17="", $E17=""), "−−−−−−−►", IF($G17="Funding Src",_xlfn.XLOOKUP($H17,OptCodes[Program, Spec Init, Fnd Src, OU Description],OptCodes[Program, Spec Init, Fnd Src, OU Codes],"Select Optional Code",0),_xlfn.XLOOKUP($T17,Chartfields!$T:$T,Chartfields!O:O,"N/A",0))), "−−−−−−−►") -> −−−−−−−► | P17: =IFERROR(IF(OR($M17="", $E17=""), "−−−−−−−►", IF($G17="Spec. Initiative",_xlfn.XLOOKUP($H17,OptCodes[Program, Spec Init, Fnd Src, OU Description],OptCodes[Program, Spec Init, Fnd Src, OU Codes],"Select Optional Code",0),_xlfn.XLOOKUP($T17,Chartfields!$T:$T,Chartfields!Q:Q,"N/A",0))), "−−−−−−−►") -> −−−−−−−► | Q17: =IFERROR(IF(OR($M17="", $E17=""), "−−−−−−−►", IF($G17="Operating Unit",_xlfn.XLOOKUP($H17,OptCodes[Program, Spec Init, Fnd Src, OU Description],OptCodes[Program, Spec Init, Fnd Src, OU Codes],"Selection Optional Code",0),_xlfn.XLOOKUP($T17,Chartfields!$T:$T,Chartfields!K:K,"N/A",0))), "−−−−−−−►") -> −−−−−−−► | R17: =IFERROR(IF(OR($C$7="",B17=""), "−−−−−−−►",IF($C$7="Tax Levy", 10, IF($C$7="IFR", 11, "−−−−−−−►"))),"−−−−−−−►") -> −−−−−−−► | T17: =IF(OR($C$7="",B17="",E17=""),"",R17&M17&F17) | U17: =R17&M17 -> −−−−−−−►−−−−−−−► | W17: Spec. Initiative
A18: 6 | M18: =IFERROR(IF($C$7="", "−−−−−−−►", _xlfn.XLOOKUP(B18&E18,Chartfields!S:S,Chartfields!E:E,"−−−−−−−►",0)),"−−−−−−−►") -> −−−−−−−► | N18: =IFERROR(IF(OR($M18="", $E18=""), "−−−−−−−►", IF($G18="Program",_xlfn.XLOOKUP($H18,OptCodes[Program, Spec Init, Fnd Src, OU Description],OptCodes[Program, Spec Init, Fnd Src, OU Codes],"Select Optional Code",0),_xlfn.XLOOKUP($T18,Chartfields!$T:$T,Chartfields!M:M,"N/A",0))), "−−−−−−−►") -> −−−−−−−► | O18: =IFERROR(IF(OR($M18="", $E18=""), "−−−−−−−►", IF($G18="Funding Src",_xlfn.XLOOKUP($H18,OptCodes[Program, Spec Init, Fnd Src, OU Description],OptCodes[Program, Spec Init, Fnd Src, OU Codes],"Select Optional Code",0),_xlfn.XLOOKUP($T18,Chartfields!$T:$T,Chartfields!O:O,"N/A",0))), "−−−−−−−►") -> −−−−−−−► | P18: =IFERROR(IF(OR($M18="", $E18=""), "−−−−−−−►", IF($G18="Spec. Initiative",_xlfn.XLOOKUP($H18,OptCodes[Program, Spec Init, Fnd Src, OU Description],OptCodes[Program, Spec Init, Fnd Src, OU Codes],"Select Optional Code",0),_xlfn.XLOOKUP($T18,Chartfields!$T:$T,Chartfields!Q:Q,"N/A",0))), "−−−−−−−►") -> −−−−−−−► | Q18: =IFERROR(IF(OR($M18="", $E18=""), "−−−−−−−►", IF($G18="Operating Unit",_xlfn.XLOOKUP($H18,OptCodes[Program, Spec Init, Fnd Src, OU Description],OptCodes[Program, Spec Init, Fnd Src, OU Codes],"Selection Optional Code",0),_xlfn.XLOOKUP($T18,Chartfields!$T:$T,Chartfields!K:K,"N/A",0))), "−−−−−−−►") -> −−−−−−−► | R18: =IFERROR(IF(OR($C$7="",B18=""), "−−−−−−−►",IF($C$7="Tax Levy", 10, IF($C$7="IFR", 11, "−−−−−−−►"))),"−−−−−−−►") -> −−−−−−−► | T18: =IF(OR($C$7="",B18="",E18=""),"",R18&M18&F18) | U18: =R18&M18 -> −−−−−−−►−−−−−−−►
A19: 7 | M19: =IFERROR(IF($C$7="", "−−−−−−−►", _xlfn.XLOOKUP(B19&E19,Chartfields!S:S,Chartfields!E:E,"−−−−−−−►",0)),"−−−−−−−►") -> −−−−−−−► | N19: =IFERROR(IF(OR($M19="", $E19=""), "−−−−−−−►", IF($G19="Program",_xlfn.XLOOKUP($H19,OptCodes[Program, Spec Init, Fnd Src, OU Description],OptCodes[Program, Spec Init, Fnd Src, OU Codes],"Select Optional Code",0),_xlfn.XLOOKUP($T19,Chartfields!$T:$T,Chartfields!M:M,"N/A",0))), "−−−−−−−►") -> −−−−−−−► | O19: =IFERROR(IF(OR($M19="", $E19=""), "−−−−−−−►", IF($G19="Funding Src",_xlfn.XLOOKUP($H19,OptCodes[Program, Spec Init, Fnd Src, OU Description],OptCodes[Program, Spec Init, Fnd Src, OU Codes],"Select Optional Code",0),_xlfn.XLOOKUP($T19,Chartfields!$T:$T,Chartfields!O:O,"N/A",0))), "−−−−−−−►") -> −−−−−−−► | P19: =IFERROR(IF(OR($M19="", $E19=""), "−−−−−−−►", IF($G19="Spec. Initiative",_xlfn.XLOOKUP($H19,OptCodes[Program, Spec Init, Fnd Src, OU Description],OptCodes[Program, Spec Init, Fnd Src, OU Codes],"Select Optional Code",0),_xlfn.XLOOKUP($T19,Chartfields!$T:$T,Chartfields!Q:Q,"N/A",0))), "−−−−−−−►") -> −−−−−−−► | Q19: =IFERROR(IF(OR($M19="", $E19=""), "−−−−−−−►", IF($G19="Operating Unit",_xlfn.XLOOKUP($H19,OptCodes[Program, Spec Init, Fnd Src, OU Description],OptCodes[Program, Spec Init, Fnd Src, OU Codes],"Selection Optional Code",0),_xlfn.XLOOKUP($T19,Chartfields!$T:$T,Chartfields!K:K,"N/A",0))), "−−−−−−−►") -> −−−−−−−► | R19: =IFERROR(IF(OR($C$7="",B19=""), "−−−−−−−►",IF($C$7="Tax Levy", 10, IF($C$7="IFR", 11, "−−−−−−−►"))),"−−−−−−−►") -> −−−−−−−► | T19: =IF(OR($C$7="",B19="",E19=""),"",R19&M19&F19) | U19: =R19&M19 -> −−−−−−−►−−−−−−−►
A20: 8 | M20: =IFERROR(IF($C$7="", "−−−−−−−►", _xlfn.XLOOKUP(B20&E20,Chartfields!S:S,Chartfields!E:E,"−−−−−−−►",0)),"−−−−−−−►") -> −−−−−−−► | N20: =IFERROR(IF(OR($M20="", $E20=""), "−−−−−−−►", IF($G20="Program",_xlfn.XLOOKUP($H20,OptCodes[Program, Spec Init, Fnd Src, OU Description],OptCodes[Program, Spec Init, Fnd Src, OU Codes],"Select Optional Code",0),_xlfn.XLOOKUP($T20,Chartfields!$T:$T,Chartfields!M:M,"N/A",0))), "−−−−−−−►") -> −−−−−−−► | O20: =IFERROR(IF(OR($M20="", $E20=""), "−−−−−−−►", IF($G20="Funding Src",_xlfn.XLOOKUP($H20,OptCodes[Program, Spec Init, Fnd Src, OU Description],OptCodes[Program, Spec Init, Fnd Src, OU Codes],"Select Optional Code",0),_xlfn.XLOOKUP($T20,Chartfields!$T:$T,Chartfields!O:O,"N/A",0))), "−−−−−−−►") -> −−−−−−−► | P20: =IFERROR(IF(OR($M20="", $E20=""), "−−−−−−−►", IF($G20="Spec. Initiative",_xlfn.XLOOKUP($H20,OptCodes[Program, Spec Init, Fnd Src, OU Description],OptCodes[Program, Spec Init, Fnd Src, OU Codes],"Select Optional Code",0),_xlfn.XLOOKUP($T20,Chartfields!$T:$T,Chartfields!Q:Q,"N/A",0))), "−−−−−−−►") -> −−−−−−−► | Q20: =IFERROR(IF(OR($M20="", $E20=""), "−−−−−−−►", IF($G20="Operating Unit",_xlfn.XLOOKUP($H20,OptCodes[Program, Spec Init, Fnd Src, OU Description],OptCodes[Program, Spec Init, Fnd Src, OU Codes],"Selection Optional Code",0),_xlfn.XLOOKUP($T20,Chartfields!$T:$T,Chartfields!K:K,"N/A",0))), "−−−−−−−►") -> −−−−−−−► | R20: =IFERROR(IF(OR($C$7="",B20=""), "−−−−−−−►",IF($C$7="Tax Levy", 10, IF($C$7="IFR", 11, "−−−−−−−►"))),"−−−−−−−►") -> −−−−−−−► | T20: =IF(OR($C$7="",B20="",E20=""),"",R20&M20&F20) | U20: =R20&M20 -> −−−−−−−►−−−−−−−►
T21: =IF(OR($C$7="",B21="",E21=""),"",R21&M21&F21) | U21: =R21&M21
I22: Total: | J22: =SUM(J13:K20) -> 0
B23: Revised Date: 09.29.26
A26: * | B26: Modification: Must Net to "0", with the same Allocation
A27: * | B27: New CUNY Funding: Must Provide Budget Document
A28: ** | B28: Intra-University: Funds Provided by other CUNY Entities on a One-time Basis.
A29: *** | B29: N/A Means that the HCM Dept. is not active in CUNYfirst

Sheet Pivot_BudgetOnly
A3: 10. Account Type | B3: 5. Select a Division | C3: 6. Department Description | D3: CUNYFIRST Dept. Code | E3: Program Code | F3: Funding Source | G3: Special Initiatives | H3: Operating Unit | I3: Fund Code | J3: 7. Select Major Purpose Code | K3: 8. Select Special Code Type (optional) | L3: 9. Select Special Code (optional) | M3: Sum of 11. Increase/ (Decrease)
A4: (blank) | B4: (blank) | C4: (blank) | D4: −−−−−−−► | E4: −−−−−−−► | F4: −−−−−−−► | G4: −−−−−−−► | H4: −−−−−−−► | I4: −−−−−−−► | J4: (blank) | K4: (blank) | L4: (blank)
A5: Temps-Non Teach Adj | B5: ZSB | C5: Dean Of Business | D5: 10381 | E5: 99999 | F5: 999999 | G5: 9999 | H5: 9999 | I5: 10 | J5: 100 | K5: (blank) | L5: (blank) | M5: 24000
A6: Grand Total | M6: 24000

Sheet Date Range for Forms
A1: Date | C1: Date | F1: Fiscal Year
A3: 46023 | C3: 46266 | F3: 2026
A4: 46024 | C4: 46267 | F4: 2027
A5: 46025 | C5: 46268 | F5: 2028
A6: 46026 | C6: 46269 | F6: 2029
A7: 46027 | C7: 46270 | F7: 2030
A8: 46028 | C8: 46271
A9: 46029 | C9: 46272
A10: 46030 | C10: 46273
A11: 46031 | C11: 46274
A12: 46032 | C12: 46275
A13: 46033 | C13: 46276
A14: 46034 | C14: 46277
A15: 46035 | C15: 46278
A16: 46036 | C16: 46279
A17: 46037 | C17: 46280
A18: 46038 | C18: 46281
A19: 46039 | C19: 46282
... A95: 46115 | C95: 46358
A96: 46116
A97: 46117
A98: 46118
A99: 46119
A100: 46120
A101: 46121
A102: 46122
A103: 46123
A104: 46124
A105: 46125
A106: 46126
A107: 46127
... A338: 46358

Sheet Budget form_SAMPLE PAGE
G1: Send all Budget Change Requests to: | J1: BudgetChangeRequest@baruch.cuny.edu
G2: All requests will be processed ASAP, and an updated Budget file will be saved in the All-Funds Budget & Budget Information drive at the end of the day.
L3: FY20 BUDGET CHANGE REQUEST | V3: Ledger | X3: Action | Y3: Business Unit | Z3: Division | AA3: Account Type | AB3: Affected Fiscal year(s): | AC3: Allocation | AD3: Date
L4: (Tax-Levy, IFR, and Non Tax-Levy)
V5: IFR | X5: Modification | Y5: Bar 01 | Z5: Acad. Aff. | AA5: Adjunct | AB5: Current YR only | AC5: Base | AD5: 43592
J6: *Requested By: | K6: Jane Deaux | V6: Tax Levy | X6: New CUNY Funding | Y6: Bar 55 | Z6: OCM | AA6: Non-Teaching Adjuncts | AB6: Permanent | AC6: Excellence Fee | AD6: 43593
A7: 1. | B7: Ledger: | C7: Tax Levy | J7: *Date | K7: 43875 | V7: Non Tax-Levy | X7: Permanent Mods | Y7: Bar 04 | Z7: President | AA7: OTPS | AC7: Intra-Univ | AD7: 43594
A8: 2. | B8: Business Unit: | C8: =IF(C7="IFR", "BAR01", IF(C7="Tax Levy", "BAR01", IF(C7="Non Tax-Levy", "BAR55", " "))) -> BAR01 | X8: Initial Allocation | Z8: MSPIA | AA8: PS Regular | AD8: 43595
A9: 3. | B9: Action: | C9: Modification | X9: Budget Realignment | Z9: VPAF | AA9: Temp Services | AD9: 43596
A10: 4. | B10: Allocation: | C10: Base | F10: Required for Tax-Levy ONLY | Z10: VPCA | AA10: Unassigned | AD10: 43597
Z11: VPEM | AD11: 43598
B12: 5. Select a Division | E12: 6. Department Description | F12: 7. Program, Special Initiative Description, or Funding Source | G12: 8. Account Type | H12: 9. Increase/ (Decrease) | J12: Comments (Optional) | K12: CUNYFIRST Dept. Code | M12: Program Code | N12: Major Purpose Code | O12: Funding Source | P12: Special Initiatives | Q12: Operating Unit | R12: Fund Code | Z12: VPISD | AD12: 43599
A13: 1 | B13: TL_Acad Aff | E13: Provost-Faculty Operations | G13: Temp Services | H13: -100 | J13: Budget mod form test | K13: =IFERROR(IF($C$7="Tax Levy",VLOOKUP(E13,#REF!,3,FALSE), IF($C$7="IFR", VLOOKUP(E13,#REF!,3,FALSE), IF($C$7="Non Tax-Levy",VLOOKUP(F13,#REF!,3,FALSE),"−−−−−−−►"))), "−−−−−−−►") -> −−−−−−−► | M13: =IFERROR(IF(OR(K13="", E13=""), "−−−−−−−►", IF(OR(P13=114, P13=116), 99999,IF(AND(K13=65040, LEFT(F13,11) ="Funding Src"), 40300,IF(AND(F13="", $C$7="Tax Levy"), 99999,IF($C$7="Tax Levy",VLOOKUP(F13,#REF!,2,FALSE),IF($C$7="Non Tax-Levy",VLOOKUP(F13,#REF!,6,FALSE), IF(AND($C$7="IFR", K13="75018"), VLOOKUP(K13,#REF!,13,FALSE), VLOOKUP(K13,#REF!,6,FALSE)))))))), "−−−−−−−►") -> 99999 | N13: =IFERROR(IF($C$7="Tax Levy", VLOOKUP(K13,#REF!,5,FALSE), IF($C$7="Non Tax-Levy", VLOOKUP(F13,#REF!,7,FALSE), IF(AND($C$7="IFR", K13="75018"), VLOOKUP(K13,#REF!,5,FALSE), VLOOKUP(K13,#REF!,9,FALSE)))), "−−−−−−−►") -> −−−−−−−► | O13: =IFERROR( IF(AND(C$10="Excellence Fee", B13<>""),801066, IF(AND(M13=40300, K13=65040), VLOOKUP(M13,#REF!,3,FALSE),IF($C$7="Tax Levy", VLOOKUP(K13,#REF!,15,FALSE), IF($C$7="Non Tax-Levy", VLOOKUP(F13,#REF!,9,FALSE), IF(AND($C$7="IFR", K13="75018"), VLOOKUP(K13,#REF!,15,FALSE), VLOOKUP(K13,#REF!,7,FALSE)))))), "−−−−−−−►") -> −−−−−−−► | P13: =IFERROR(IF(OR(F13="Spec. Initiative: Open Education Rsrc.- 116", F13="Spec. Initiative: Strategic Investment- 114"), VLOOKUP(F13,#REF!,2,FALSE), IF($C$7="Tax Levy", VLOOKUP(K13,#REF!,10,FALSE), IF($C$7="Non Tax-Levy", VLOOKUP(F13,#REF!,8,FALSE), IF(AND($C$7="IFR", K13="75018"), VLOOKUP(K13,#REF!,10,FALSE), VLOOKUP(K13,#REF!,8,FALSE))))), "−−−−−−−►") -> −−−−−−−► | Q13: =IFERROR(IF($C$7="Tax Levy", VLOOKUP(C$7&K13,#REF!,3,FALSE), IF($C$7="Non Tax-Levy", VLOOKUP(F13,#REF!,10,FALSE), IF(AND($C$7="IFR", K13="75018"), VLOOKUP(K13,#REF!,7,FALSE), VLOOKUP(K13,#REF!, 10,FALSE)))), "−−−−−−−►") -> −−−−−−−► | R13: =IFERROR(IF($C$7="Tax Levy", VLOOKUP($C$7&$K13,#REF!, 2,FALSE), IF($C$7="IFR", VLOOKUP(K13,#REF!,2,FALSE), IF($C$7="Non Tax-Levy", VLOOKUP(F13,#REF!,11,FALSE), "−−−−−−−►"))), "−−−−−−−►") -> −−−−−−−► | Z13: VPSA | AD13: 43600
A14: 2 | B14: TL_Acad Aff | E14: Schwartz Communication Center | G14: OTPS | H14: 100 | J14: Budget mod form test | K14: =IFERROR(IF($C$7="Tax Levy",VLOOKUP(E14,#REF!,3,FALSE), IF($C$7="IFR", VLOOKUP(E14,#REF!,3,FALSE), IF($C$7="Non Tax-Levy",VLOOKUP(F14,#REF!,3,FALSE),"−−−−−−−►"))), "−−−−−−−►") -> −−−−−−−► | M14: =IFERROR(IF(OR(K14="", E14=""), "−−−−−−−►", IF(OR(P14=114, P14=116), 99999,IF(AND(K14=65040, LEFT(F14,11) ="Funding Src"), 40300,IF(AND(F14="", $C$7="Tax Levy"), 99999,IF($C$7="Tax Levy",VLOOKUP(F14,#REF!,2,FALSE),IF($C$7="Non Tax-Levy",VLOOKUP(F14,#REF!,6,FALSE), IF(AND($C$7="IFR", K14="75018"), VLOOKUP(K14,#REF!,13,FALSE), VLOOKUP(K14,#REF!,6,FALSE)))))))), "−−−−−−−►") -> 99999 | N14: =IFERROR(IF($C$7="Tax Levy", VLOOKUP(K14,#REF!,5,FALSE), IF($C$7="Non Tax-Levy", VLOOKUP(F14,#REF!,7,FALSE), IF(AND($C$7="IFR", K14="75018"), VLOOKUP(K14,#REF!,5,FALSE), VLOOKUP(K14,#REF!,9,FALSE)))), "−−−−−−−►") -> −−−−−−−► | O14: =IFERROR( IF(AND(C$10="Excellence Fee", B14<>""),801066, IF(AND(M14=40300, K14=65040), VLOOKUP(M14,#REF!,3,FALSE),IF($C$7="Tax Levy", VLOOKUP(K14,#REF!,15,FALSE), IF($C$7="Non Tax-Levy", VLOOKUP(F14,#REF!,9,FALSE), IF(AND($C$7="IFR", K14="75018"), VLOOKUP(K14,#REF!,15,FALSE), VLOOKUP(K14,#REF!,7,FALSE)))))), "−−−−−−−►") -> −−−−−−−► | P14: =IFERROR(IF(OR(F14="Spec. Initiative: Open Education Rsrc.- 116", F14="Spec. Initiative: Strategic Investment- 114"), VLOOKUP(F14,#REF!,2,FALSE), IF($C$7="Tax Levy", VLOOKUP(K14,#REF!,10,FALSE), IF($C$7="Non Tax-Levy", VLOOKUP(F14,#REF!,8,FALSE), IF(AND($C$7="IFR", K14="75018"), VLOOKUP(K14,#REF!,10,FALSE), VLOOKUP(K14,#REF!,8,FALSE))))), "−−−−−−−►") -> −−−−−−−► | Q14: =IFERROR(IF($C$7="Tax Levy", VLOOKUP(C$7&K14,#REF!,3,FALSE), IF($C$7="Non Tax-Levy", VLOOKUP(F14,#REF!,10,FALSE), IF(AND($C$7="IFR", K14="75018"), VLOOKUP(K14,#REF!,7,FALSE), VLOOKUP(K14,#REF!, 10,FALSE)))), "−−−−−−−►") -> −−−−−−−► | R14: =IFERROR(IF($C$7="Tax Levy", VLOOKUP($C7&$K14,#REF!, 2,FALSE), IF($C$7="IFR", VLOOKUP(K14,#REF!,2,FALSE), IF($C$7="Non Tax-Levy", VLOOKUP(F14,#REF!,11,FALSE), "−−−−−−−►"))), "−−−−−−−►") -> −−−−−−−► | Z14: WSAS | AD14: 43601
A15: 3 | B15: TL_VPISD | E15: Library | G15: OTPS | H15: -3000 | J15: Budget mod form test | K15: =IFERROR(IF($C$7="Tax Levy",VLOOKUP(E15,#REF!,3,FALSE), IF($C$7="IFR", VLOOKUP(E15,#REF!,3,FALSE), IF($C$7="Non Tax-Levy",VLOOKUP(F15,#REF!,3,FALSE),"−−−−−−−►"))), "−−−−−−−►") -> −−−−−−−► | M15: =IFERROR(IF(OR(K15="", E15=""), "−−−−−−−►", IF(OR(P15=114, P15=116), 99999,IF(AND(K15=65040, LEFT(F15,11) ="Funding Src"), 40300,IF(AND(F15="", $C$7="Tax Levy"), 99999,IF($C$7="Tax Levy",VLOOKUP(F15,#REF!,2,FALSE),IF($C$7="Non Tax-Levy",VLOOKUP(F15,#REF!,6,FALSE), IF(AND($C$7="IFR", K15="75018"), VLOOKUP(K15,#REF!,13,FALSE), VLOOKUP(K15,#REF!,6,FALSE)))))))), "−−−−−−−►") -> 99999 | N15: =IFERROR(IF($C$7="Tax Levy", VLOOKUP(K15,#REF!,5,FALSE), IF($C$7="Non Tax-Levy", VLOOKUP(F15,#REF!,7,FALSE), IF(AND($C$7="IFR", K15="75018"), VLOOKUP(K15,#REF!,5,FALSE), VLOOKUP(K15,#REF!,9,FALSE)))), "−−−−−−−►") -> −−−−−−−► | O15: =IFERROR( IF(AND(C$10="Excellence Fee", B15<>""),801066, IF(AND(M15=40300, K15=65040), VLOOKUP(M15,#REF!,3,FALSE),IF($C$7="Tax Levy", VLOOKUP(K15,#REF!,15,FALSE), IF($C$7="Non Tax-Levy", VLOOKUP(F15,#REF!,9,FALSE), IF(AND($C$7="IFR", K15="75018"), VLOOKUP(K15,#REF!,15,FALSE), VLOOKUP(K15,#REF!,7,FALSE)))))), "−−−−−−−►") -> −−−−−−−► | P15: =IFERROR(IF(OR(F15="Spec. Initiative: Open Education Rsrc.- 116", F15="Spec. Initiative: Strategic Investment- 114"), VLOOKUP(F15,#REF!,2,FALSE), IF($C$7="Tax Levy", VLOOKUP(K15,#REF!,10,FALSE), IF($C$7="Non Tax-Levy", VLOOKUP(F15,#REF!,8,FALSE), IF(AND($C$7="IFR", K15="75018"), VLOOKUP(K15,#REF!,10,FALSE), VLOOKUP(K15,#REF!,8,FALSE))))), "−−−−−−−►") -> −−−−−−−► | Q15: =IFERROR(IF($C$7="Tax Levy", VLOOKUP(C$7&K15,#REF!,3,FALSE), IF($C$7="Non Tax-Levy", VLOOKUP(F15,#REF!,10,FALSE), IF(AND($C$7="IFR", K15="75018"), VLOOKUP(K15,#REF!,7,FALSE), VLOOKUP(K15,#REF!, 10,FALSE)))), "−−−−−−−►") -> −−−−−−−► | R15: =IFERROR(IF($C$7="Tax Levy", VLOOKUP($C7&K15,#REF!, 2,FALSE), IF($C$7="IFR", VLOOKUP(K15,#REF!,2,FALSE), IF($C$7="Non Tax-Levy", VLOOKUP(F15,#REF!,11,FALSE), "−−−−−−−►"))), "−−−−−−−►") -> −−−−−−−► | Z15: ZSB | AD15: 43602
A16: 4 | B16: TL_VPISD | E16: BCTC - Computing & Tech Ctr | G16: Temp Services | H16: 3000 | J16: Budget mod form test | K16: =IFERROR(IF($C$7="Tax Levy",VLOOKUP(E16,#REF!,3,FALSE), IF($C$7="IFR", VLOOKUP(E16,#REF!,3,FALSE), IF($C$7="Non Tax-Levy",VLOOKUP(F16,#REF!,3,FALSE),"−−−−−−−►"))), "−−−−−−−►") -> −−−−−−−► | M16: =IFERROR(IF(OR(K16="", E16=""), "−−−−−−−►", IF(OR(P16=114, P16=116), 99999,IF(AND(K16=65040, LEFT(F16,11) ="Funding Src"), 40300,IF(AND(F16="", $C$7="Tax Levy"), 99999,IF($C$7="Tax Levy",VLOOKUP(F16,#REF!,2,FALSE),IF($C$7="Non Tax-Levy",VLOOKUP(F16,#REF!,6,FALSE), IF(AND($C$7="IFR", K16="75018"), VLOOKUP(K16,#REF!,13,FALSE), VLOOKUP(K16,#REF!,6,FALSE)))))))), "−−−−−−−►") -> 99999 | N16: =IFERROR(IF($C$7="Tax Levy", VLOOKUP(K16,#REF!,5,FALSE), IF($C$7="Non Tax-Levy", VLOOKUP(F16,#REF!,7,FALSE), IF(AND($C$7="IFR", K16="75018"), VLOOKUP(K16,#REF!,5,FALSE), VLOOKUP(K16,#REF!,9,FALSE)))), "−−−−−−−►") -> −−−−−−−► | O16: =IFERROR( IF(AND(C$10="Excellence Fee", B16<>""),801066, IF(AND(M16=40300, K16=65040), VLOOKUP(M16,#REF!,3,FALSE),IF($C$7="Tax Levy", VLOOKUP(K16,#REF!,15,FALSE), IF($C$7="Non Tax-Levy", VLOOKUP(F16,#REF!,9,FALSE), IF(AND($C$7="IFR", K16="75018"), VLOOKUP(K16,#REF!,15,FALSE), VLOOKUP(K16,#REF!,7,FALSE)))))), "−−−−−−−►") -> −−−−−−−► | P16: =IFERROR(IF(OR(F16="Spec. Initiative: Open Education Rsrc.- 116", F16="Spec. Initiative: Strategic Investment- 114"), VLOOKUP(F16,#REF!,2,FALSE), IF($C$7="Tax Levy", VLOOKUP(K16,#REF!,10,FALSE), IF($C$7="Non Tax-Levy", VLOOKUP(F16,#REF!,8,FALSE), IF(AND($C$7="IFR", K16="75018"), VLOOKUP(K16,#REF!,10,FALSE), VLOOKUP(K16,#REF!,8,FALSE))))), "−−−−−−−►") -> −−−−−−−► | Q16: =IFERROR(IF($C$7="Tax Levy", VLOOKUP(C$7&K16,#REF!,3,FALSE), IF($C$7="Non Tax-Levy", VLOOKUP(F16,#REF!,10,FALSE), IF(AND($C$7="IFR", K16="75018"), VLOOKUP(K16,#REF!,7,FALSE), VLOOKUP(K16,#REF!, 10,FALSE)))), "−−−−−−−►") -> −−−−−−−► | R16: =IFERROR(IF($C$7="Tax Levy", VLOOKUP(C7&K16,#REF!,2,FALSE), IF($C$7="IFR", VLOOKUP(K16,#REF!,2,FALSE), IF($C$7="Non Tax-Levy", VLOOKUP(F16,#REF!,11,FALSE), "−−−−−−−►"))), "−−−−−−−►") -> −−−−−−−► | Z16: College | AD16: 43603
A17: 5 | H17: $ | K17: =IFERROR(IF($C$7="Tax Levy",VLOOKUP(E17,#REF!,3,FALSE), IF($C$7="IFR", VLOOKUP(E17,#REF!,3,FALSE), IF($C$7="Non Tax-Levy",VLOOKUP(F17,#REF!,3,FALSE),"−−−−−−−►"))), "−−−−−−−►") -> −−−−−−−► | M17: =IFERROR(IF(OR(K17="", E17=""), "−−−−−−−►", IF(OR(P17=114, P17=116), 99999,IF(AND(K17=65040, LEFT(F17,11) ="Funding Src"), 40300,IF(AND(F17="", $C$7="Tax Levy"), 99999,IF($C$7="Tax Levy",VLOOKUP(F17,#REF!,2,FALSE),IF($C$7="Non Tax-Levy",VLOOKUP(F17,#REF!,6,FALSE), IF(AND($C$7="IFR", K17="75018"), VLOOKUP(K17,#REF!,13,FALSE), VLOOKUP(K17,#REF!,6,FALSE)))))))), "−−−−−−−►") -> −−−−−−−► | N17: =IFERROR(IF($C$7="Tax Levy", VLOOKUP(K17,#REF!,5,FALSE), IF($C$7="Non Tax-Levy", VLOOKUP(F17,#REF!,7,FALSE), IF(AND($C$7="IFR", K17="75018"), VLOOKUP(K17,#REF!,5,FALSE), VLOOKUP(K17,#REF!,9,FALSE)))), "−−−−−−−►") -> −−−−−−−► | O17: =IFERROR( IF(AND(C$10="Excellence Fee", B17<>""),801066, IF(AND(M17=40300, K17=65040), VLOOKUP(M17,#REF!,3,FALSE),IF($C$7="Tax Levy", VLOOKUP(K17,#REF!,15,FALSE), IF($C$7="Non Tax-Levy", VLOOKUP(F17,#REF!,9,FALSE), IF(AND($C$7="IFR", K17="75018"), VLOOKUP(K17,#REF!,15,FALSE), VLOOKUP(K17,#REF!,7,FALSE)))))), "−−−−−−−►") -> −−−−−−−► | P17: =IFERROR(IF(OR(F17="Spec. Initiative: Open Education Rsrc.- 116", F17="Spec. Initiative: Strategic Investment- 114"), VLOOKUP(F17,#REF!,2,FALSE), IF($C$7="Tax Levy", VLOOKUP(K17,#REF!,10,FALSE), IF($C$7="Non Tax-Levy", VLOOKUP(F17,#REF!,8,FALSE), IF(AND($C$7="IFR", K17="75018"), VLOOKUP(K17,#REF!,10,FALSE), VLOOKUP(K17,#REF!,8,FALSE))))), "−−−−−−−►") -> −−−−−−−► | Q17: =IFERROR(IF($C$7="Tax Levy", VLOOKUP(C$7&K17,#REF!,3,FALSE), IF($C$7="Non Tax-Levy", VLOOKUP(F17,#REF!,10,FALSE), IF(AND($C$7="IFR", K17="75018"), VLOOKUP(K17,#REF!,7,FALSE), VLOOKUP(K17,#REF!, 10,FALSE)))), "−−−−−−−►") -> −−−−−−−► | R17: =IFERROR(IF($C$7="Tax Levy", VLOOKUP(C7&K17,#REF!, 2,FALSE), IF($C$7="IFR", VLOOKUP(K17,#REF!,2,FALSE), IF($C$7="Non Tax-Levy", VLOOKUP(F17,#REF!,11,FALSE), "−−−−−−−►"))), "−−−−−−−►") -> −−−−−−−► | AD17: 43604
A18: 6 | H18: $ | K18: =IFERROR(IF($C$7="Tax Levy",VLOOKUP(E18,#REF!,3,FALSE), IF($C$7="IFR", VLOOKUP(E18,#REF!,3,FALSE), IF($C$7="Non Tax-Levy",VLOOKUP(F18,#REF!,3,FALSE),"−−−−−−−►"))), "−−−−−−−►") -> −−−−−−−► | M18: =IFERROR(IF(OR(K18="", E18=""), "−−−−−−−►", IF(OR(P18=114, P18=116), 99999,IF(AND(K18=65040, LEFT(F18,11) ="Funding Src"), 40300,IF(AND(F18="", $C$7="Tax Levy"), 99999,IF($C$7="Tax Levy",VLOOKUP(F18,#REF!,2,FALSE),IF($C$7="Non Tax-Levy",VLOOKUP(F18,#REF!,6,FALSE), IF(AND($C$7="IFR", K18="75018"), VLOOKUP(K18,#REF!,13,FALSE), VLOOKUP(K18,#REF!,6,FALSE)))))))), "−−−−−−−►") -> −−−−−−−► | N18: =IFERROR(IF($C$7="Tax Levy", VLOOKUP(K18,#REF!,5,FALSE), IF($C$7="Non Tax-Levy", VLOOKUP(F18,#REF!,7,FALSE), IF(AND($C$7="IFR", K18="75018"), VLOOKUP(K18,#REF!,5,FALSE), VLOOKUP(K18,#REF!,9,FALSE)))), "−−−−−−−►") -> −−−−−−−► | O18: =IFERROR( IF(AND(C$10="Excellence Fee", B18<>""),801066, IF(AND(M18=40300, K18=65040), VLOOKUP(M18,#REF!,3,FALSE),IF($C$7="Tax Levy", VLOOKUP(K18,#REF!,15,FALSE), IF($C$7="Non Tax-Levy", VLOOKUP(F18,#REF!,9,FALSE), IF(AND($C$7="IFR", K18="75018"), VLOOKUP(K18,#REF!,15,FALSE), VLOOKUP(K18,#REF!,7,FALSE)))))), "−−−−−−−►") -> −−−−−−−► | P18: =IFERROR(IF(OR(F18="Spec. Initiative: Open Education Rsrc.- 116", F18="Spec. Initiative: Strategic Investment- 114"), VLOOKUP(F18,#REF!,2,FALSE), IF($C$7="Tax Levy", VLOOKUP(K18,#REF!,10,FALSE), IF($C$7="Non Tax-Levy", VLOOKUP(F18,#REF!,8,FALSE), IF(AND($C$7="IFR", K18="75018"), VLOOKUP(K18,#REF!,10,FALSE), VLOOKUP(K18,#REF!,8,FALSE))))), "−−−−−−−►") -> −−−−−−−► | Q18: =IFERROR(IF($C$7="Tax Levy", VLOOKUP(C$7&K18,#REF!,3,FALSE), IF($C$7="Non Tax-Levy", VLOOKUP(F18,#REF!,10,FALSE), IF(AND($C$7="IFR", K18="75018"), VLOOKUP(K18,#REF!,7,FALSE), VLOOKUP(K18,#REF!, 10,FALSE)))), "−−−−−−−►") -> −−−−−−−► | R18: =IFERROR(IF($C$7="Tax Levy", VLOOKUP(C7&K18,#REF!, 2,FALSE), IF($C$7="IFR", VLOOKUP(K18,#REF!,2,FALSE), IF($C$7="Non Tax-Levy", VLOOKUP(F18,#REF!,11,FALSE), "−−−−−−−►"))), "−−−−−−−►") -> −−−−−−−► | AD18: 43605
A19: 7 | H19: $ | K19: =IFERROR(IF($C$7="Tax Levy",VLOOKUP(E19,#REF!,3,FALSE), IF($C$7="IFR", VLOOKUP(E19,#REF!,3,FALSE), IF($C$7="Non Tax-Levy",VLOOKUP(F19,#REF!,3,FALSE),"−−−−−−−►"))), "−−−−−−−►") -> −−−−−−−► | M19: =IFERROR(IF(OR(K19="", E19=""), "−−−−−−−►", IF(OR(P19=114, P19=116), 99999,IF(AND(K19=65040, LEFT(F19,11) ="Funding Src"), 40300,IF(AND(F19="", $C$7="Tax Levy"), 99999,IF($C$7="Tax Levy",VLOOKUP(F19,#REF!,2,FALSE),IF($C$7="Non Tax-Levy",VLOOKUP(F19,#REF!,6,FALSE), IF(AND($C$7="IFR", K19="75018"), VLOOKUP(K19,#REF!,13,FALSE), VLOOKUP(K19,#REF!,6,FALSE)))))))), "−−−−−−−►") -> −−−−−−−► | N19: =IFERROR(IF($C$7="Tax Levy", VLOOKUP(K19,#REF!,5,FALSE), IF($C$7="Non Tax-Levy", VLOOKUP(F19,#REF!,7,FALSE), IF(AND($C$7="IFR", K19="75018"), VLOOKUP(K19,#REF!,5,FALSE), VLOOKUP(K19,#REF!,9,FALSE)))), "−−−−−−−►") -> −−−−−−−► | O19: =IFERROR( IF(AND(C$10="Excellence Fee", B19<>""),801066, IF(AND(M19=40300, K19=65040), VLOOKUP(M19,#REF!,3,FALSE),IF($C$7="Tax Levy", VLOOKUP(K19,#REF!,15,FALSE), IF($C$7="Non Tax-Levy", VLOOKUP(F19,#REF!,9,FALSE), IF(AND($C$7="IFR", K19="75018"), VLOOKUP(K19,#REF!,15,FALSE), VLOOKUP(K19,#REF!,7,FALSE)))))), "−−−−−−−►") -> −−−−−−−► | P19: =IFERROR(IF(OR(F19="Spec. Initiative: Open Education Rsrc.- 116", F19="Spec. Initiative: Strategic Investment- 114"), VLOOKUP(F19,#REF!,2,FALSE), IF($C$7="Tax Levy", VLOOKUP(K19,#REF!,10,FALSE), IF($C$7="Non Tax-Levy", VLOOKUP(F19,#REF!,8,FALSE), IF(AND($C$7="IFR", K19="75018"), VLOOKUP(K19,#REF!,10,FALSE), VLOOKUP(K19,#REF!,8,FALSE))))), "−−−−−−−►") -> −−−−−−−► | Q19: =IFERROR(IF($C$7="Tax Levy", VLOOKUP(C$7&K19,#REF!,3,FALSE), IF($C$7="Non Tax-Levy", VLOOKUP(F19,#REF!,10,FALSE), IF(AND($C$7="IFR", K19="75018"), VLOOKUP(K19,#REF!,7,FALSE), VLOOKUP(K19,#REF!, 10,FALSE)))), "−−−−−−−►") -> −−−−−−−► | R19: =IFERROR(IF($C$7="Tax Levy", VLOOKUP(C7&K19,#REF!, 2,FALSE), IF($C$7="IFR", VLOOKUP(K19,#REF!,2,FALSE), IF($C$7="Non Tax-Levy", VLOOKUP(F19,#REF!,11,FALSE), "−−−−−−−►"))), "−−−−−−−►") -> −−−−−−−► | AD19: 43606
A20: 8 | H20: $ | K20: =IFERROR(IF($C$7="Tax Levy",VLOOKUP(E20,#REF!,3,FALSE), IF($C$7="IFR", VLOOKUP(E20,#REF!,3,FALSE), IF($C$7="Non Tax-Levy",VLOOKUP(F20,#REF!,3,FALSE),"−−−−−−−►"))), "−−−−−−−►") -> −−−−−−−► | M20: =IFERROR(IF(OR(K20="", E20=""), "−−−−−−−►", IF(OR(P20=114, P20=116), 99999,IF(AND(K20=65040, LEFT(F20,11) ="Funding Src"), 40300,IF(AND(F20="", $C$7="Tax Levy"), 99999,IF($C$7="Tax Levy",VLOOKUP(F20,#REF!,2,FALSE),IF($C$7="Non Tax-Levy",VLOOKUP(F20,#REF!,6,FALSE), IF(AND($C$7="IFR", K20="75018"), VLOOKUP(K20,#REF!,13,FALSE), VLOOKUP(K20,#REF!,6,FALSE)))))))), "−−−−−−−►") -> −−−−−−−► | N20: =IFERROR(IF($C$7="Tax Levy", VLOOKUP(K20,#REF!,5,FALSE), IF($C$7="Non Tax-Levy", VLOOKUP(F20,#REF!,7,FALSE), IF(AND($C$7="IFR", K20="75018"), VLOOKUP(K20,#REF!,5,FALSE), VLOOKUP(K20,#REF!,9,FALSE)))), "−−−−−−−►") -> −−−−−−−► | O20: =IFERROR( IF(AND(C$10="Excellence Fee", B20<>""),801066, IF(AND(M20=40300, K20=65040), VLOOKUP(M20,#REF!,3,FALSE),IF($C$7="Tax Levy", VLOOKUP(K20,#REF!,15,FALSE), IF($C$7="Non Tax-Levy", VLOOKUP(F20,#REF!,9,FALSE), IF(AND($C$7="IFR", K20="75018"), VLOOKUP(K20,#REF!,15,FALSE), VLOOKUP(K20,#REF!,7,FALSE)))))), "−−−−−−−►") -> −−−−−−−► | P20: =IFERROR(IF(OR(F20="Spec. Initiative: Open Education Rsrc.- 116", F20="Spec. Initiative: Strategic Investment- 114"), VLOOKUP(F20,#REF!,2,FALSE), IF($C$7="Tax Levy", VLOOKUP(K20,#REF!,10,FALSE), IF($C$7="Non Tax-Levy", VLOOKUP(F20,#REF!,8,FALSE), IF(AND($C$7="IFR", K20="75018"), VLOOKUP(K20,#REF!,10,FALSE), VLOOKUP(K20,#REF!,8,FALSE))))), "−−−−−−−►") -> −−−−−−−► | Q20: =IFERROR(IF($C$7="Tax Levy", VLOOKUP(C$7&K20,#REF!,3,FALSE), IF($C$7="Non Tax-Levy", VLOOKUP(F20,#REF!,10,FALSE), IF(AND($C$7="IFR", K20="75018"), VLOOKUP(K20,#REF!,7,FALSE), VLOOKUP(K20,#REF!, 10,FALSE)))), "−−−−−−−►") -> −−−−−−−► | R20: =IFERROR(IF($C$7="Tax Levy", VLOOKUP(C7&K20,#REF!, 2,FALSE), IF($C$7="IFR", VLOOKUP(K20,#REF!,2,FALSE), IF($C$7="Non Tax-Levy", VLOOKUP(F20,#REF!,11,FALSE), "−−−−−−−►"))), "−−−−−−−►") -> −−−−−−−► | AD20: 43607
AD21: 43608
G22: Total: | H22: ="$"&SUM(H13:H20) -> $0 | AD22: 43609
AD23: 43610
AD24: 43611
AD25: 43612
A26: * | B26: Modification: Must Net to "0", with the same Allocation | AD26: 43613
A27: * | B27: New CUNY Funding: Must Provide Budget Document | AD27: 43614
A28: ** | B28: Intra-University: Funds Provided by other CUNY Entities on a One-time Basis. | AD28: 43615
A29: *** | B29: N/A Means that the HCM Dept. is not active in CUNYfirst | AD29: 43616
AD30: 43617
AD31: 43618
AD32: 43619
AD33: 43620
AD34: 43621
AD35: 43622
AD36: 43623
AD37: 43624
AD38: 43625
AD39: 43626
AD40: 43627
AD41: 43628
... AD425: 44012

Sheet MPCodeList
A1: Data.Ledger | B1: Data.Division | C1: Data.CUNYFIRST GL Dept. Description (University Shared) | D1: Data.Fund | E1: Division&DeptCode | F1: Fund&Dept&MP | G1: Data.Funding Source | H1: Data. Special Initiatives Descr | I1: Data.Special Initiatives | J1: Data.Funding Source Descr | K1: Data.Program | L1: Data.Program Code Descr | M1: Data.Operating Unit | N1: Data.Opearting Unit Descr | O1: Data.CUNYFIRST HCM Dept Description | P1: Data.CUNYFIRST HCM Dept Code | Q1: Fund&Dept | R1: Data.Major Purpose | S1: Data.CUNYFIRST GL Dept Code | T1: FundMPDept | U1: Data.Major Purpose Descr
A2: IFR | B2: Acad Aff | C2: ACE Administrative | D2: 11 | E2: Acad AffACE Administrative | F2: 1115004100 | G2: 999999 | I2: 9999 | J2: FS not applicable | K2: 99999 | M2: 4001 | N2: Adult and Continuing Education | O2: Continuing & Profl Studies | P2: 15004 | Q2: 1115004 | R2: 100 | S2: 15004 | T2: 1115004100 | U2: Instruction
A3: IFR | B3: VPAF | C3: Business Office/Fin Operations | D3: 11 | E3: VPAFBusiness Office/Fin Operations | F3: 1180045355 | G3: 999999 | I3: 9999 | J3: FS not applicable | K3: 99999 | M3: 3012 | N3: IFR Senior Colleges | O3: Business Office/Fin Operations | P3: 80045 | Q3: 1180045 | R3: 355 | S3: 80045 | T3: 1180045355 | U3: General Administration
A4: IFR | B4: VPAF | C4: Business Office/Fin Operations | D4: 11 | E4: VPAFBusiness Office/Fin Operations | F4: 1180045400 | G4: 999999 | I4: 9999 | J4: FS not applicable | K4: 99999 | M4: 3012 | N4: IFR Senior Colleges | O4: Business Office/Fin Operations | P4: 80045 | Q4: 1180045 | R4: 400 | S4: 80045 | T4: 1180045400 | U4: Operation & Maintence of Plant
A5: Tax Levy | B5: VPEM | C5: Black Male Initiative | D5: 10 | E5: VPEMBlack Male Initiative | F5: 1065011300 | G5: 999999 | I5: 102 | J5: FS not applicable | K5: 99999 | M5: 9999 | O5: Black Male Initiative | P5: 65011 | Q5: 1065011 | R5: 300 | S5: 65011 | T5: 1065011300 | U5: Student Services
A6: IFR | B6: UWI | C6: UWI | D6: 11 | E6: UWIUWI | F6: 1180291352 | G6: 999999 | I6: 108 | J6: FS not applicable | K6: 99999 | M6: 3019 | N6: Technology Fees | O6: UWI | P6: 80291 | Q6: 1180291 | R6: 352 | S6: 80291 | T6: 1180291352 | U6: Information Services
A7: IFR | B7: VPISD | C7: Computer Center Operations | D7: 11 | E7: VPISDComputer Center Operations | F7: 1180073300 | G7: 999999 | I7: 9999 | J7: FS not applicable | K7: 99999 | M7: 3019 | N7: Technology Fees | O7: BCTC - Computing & Tech Ctr | P7: 80073 | Q7: 1180073 | R7: 300 | S7: 80073 | T7: 1180073300 | U7: Student Services
A8: IFR | B8: VPSA | C8: Center, Child Care | D8: 11 | E8: VPSACenter, Child Care | F8: 1160021200 | G8: 999999 | I8: 9999 | J8: FS not applicable | K8: 99999 | M8: 3012 | N8: IFR Senior Colleges | O8: Early Learning Center (ELC) | P8: 60021 | Q8: 1160021 | R8: 200 | S8: 60021 | T8: 1160021200 | U8: Public Service
A9: IFR | B9: WSAS | C9: Mathematics | D9: 11 | E9: WSASMathematics | F9: 1110195100 | G9: 999999 | I9: 9999 | J9: FS not applicable | K9: 99999 | M9: 3012 | N9: IFR Senior Colleges | O9: Mathematics | P9: 10195 | Q9: 1110195 | R9: 100 | S9: 10195 | T9: 1110195100 | U9: Instruction
A10: IFR | B10: WSAS | C10: Natural Sciences | D10: 11 | E10: WSASNatural Sciences | F10: 1110208100 | G10: 999999 | I10: 9999 | J10: FS not applicable | K10: 99999 | M10: 3012 | N10: IFR Senior Colleges | O10: Natural Sciences | P10: 10208 | Q10: 1110208 | R10: 100 | S10: 10208 | T10: 1110208100 | U10: Instruction
A11: IFR | B11: ZSB | C11: Dean Of Business | D11: 11 | E11: ZSBDean Of Business | F11: 1110381100 | G11: 999999 | I11: 9999 | J11: FS not applicable | K11: 99999 | M11: 4001 | N11: Adult and Continuing Education | O11: Dean's Office - ZSB | P11: 10381 | Q11: 1110381 | R11: 100 | S11: 10381 | T11: 1110381100 | U11: Instruction
A12: IFR | B12: ZSB | C12: Graduate Programs | D12: 11 | E12: ZSBGraduate Programs | F12: 1180101100 | G12: 999999 | I12: 9999 | J12: FS not applicable | K12: 99999 | M12: 4001 | N12: Adult and Continuing Education | O12: Graduate Programs - ZSB | P12: 80101 | Q12: 1180101 | R12: 100 | S12: 80101 | T12: 1180101100 | U12: Instruction
A13: IFR | B13: VPAF | C13: Facility Maintenance Operation | D13: 11 | E13: VPAFFacility Maintenance Operation | F13: 1180048400 | G13: 999999 | I13: 9999 | J13: FS not applicable | K13: 99999 | M13: 3012 | O13: Buildings & Grounds | P13: 80048 | Q13: 1180048 | R13: 400 | S13: 80048 | T13: 1180048400 | U13: Operation & Maintence of Plant
A14: IFR | B14: VPAF | C14: Security Operations | D14: 11 | E14: VPAFSecurity Operations | F14: 1180274350 | G14: 999999 | I14: 9999 | J14: FS not applicable | K14: 99999 | M14: 4001 | O14: Public Safety | P14: 80274 | Q14: 1180274 | R14: 350 | S14: 80274 | T14: 1180274350 | U14: Institutional Support
A15: IFR | B15: Library | C15: Library | D15: 11 | E15: LibraryLibrary | F15: 1170054251 | G15: 999999 | I15: 9999 | J15: FS not applicable | K15: 99999 | M15: 4001 | O15: Library | P15: 70054 | Q15: 1170054 | R15: 251 | S15: 70054 | T15: 1170054251 | U15: Library
A16: IFR | B16: ZSB | C16: Institute, Newman RE | D16: 11 | E16: ZSBInstitute, Newman RE | F16: 1160195100 | G16: 999999 | I16: 9999 | J16: FS not applicable | K16: 99999 | M16: 4001 | O16: Newman Real Estate Inst (NREI) | P16: 60195 | Q16: 1160195 | R16: 100 | S16: 60195 | T16: 1160195100 | U16: Instruction
A17: IFR | B17: WSAS | C17: Philosophy | D17: 11 | E17: WSASPhilosophy | F17: 1110221100 | G17: 999999 | I17: 9999 | J17: FS not applicable | K17: 99999 | M17: 3012 | O17: Philosophy | P17: 10221 | Q17: 1110221 | R17: 100 | S17: 10221 | T17: 1110221100 | U17: Instruction
A18: IFR | B18: WSAS | C18: History & Contemporary Civil | D18: 11 | E18: WSASHistory & Contemporary Civil | F18: 1110148100 | G18: 999999 | I18: 9999 | J18: FS not applicable | K18: 99999 | M18: 3012 | O18: History | P18: 10148 | Q18: 1110148 | R18: 100 | S18: 10148 | T18: 1110148100 | U18: Instruction
A19: Tax Levy | B19: Acad Aff | C19: Dean For Academic Affairs | D19: 10 | E19: Acad AffDean For Academic Affairs | F19: 1010377100 | G19: 999999 | I19: 9999 | J19: FS not applicable | K19: 99999 | M19: 9999 | O19: Provost-Faculty Operations | P19: 10377 | Q19: 1010377 | R19: 100 | S19: 10377 | T19: 1010377100 | U19: Instruction
A20: Tax Levy | B20: Acad Aff | C20: Center, Writing | D20: 10 | E20: Acad AffCenter, Writing | F20: 1060083100 | G20: 999999 | I20: 9999 | J20: FS not applicable | K20: 99999 | M20: 9999 | O20: Writing Center | P20: 60083 | Q20: 1060083 | R20: 100 | S20: 60083 | T20: 1060083100 | U20: Instruction
A21: Tax Levy | B21: VPEM | C21: College Now Program | D21: 10 | E21: VPEMCollege Now Program | F21: 1065017100 | G21: 999999 | I21: 9999 | J21: FS not applicable | K21: 99999 | M21: 9999 | O21: College Now Program | P21: 65017 | Q21: 1065017 | R21: 100 | S21: 65017 | T21: 1065017100 | U21: Instruction
A22: Tax Levy | B22: Acad Aff | C22: Honors/Experimental | D22: 10 | E22: Acad AffHonors/Experimental | F22: 1065054100 | G22: 999999 | I22: 9999 | J22: FS not applicable | K22: 99999 | M22: 9999 | O22: Honors Program | P22: 65054 | Q22: 1065054 | R22: 100 | S22: 65054 | T22: 1065054100 | U22: Instruction
A23: Tax Levy | B23: Acad Aff | C23: Academic Affairs | D23: 10 | E23: Acad AffAcademic Affairs | F23: 1070001100 | G23: 999999 | I23: 9999 | J23: FS not applicable | K23: 99999 | M23: 9999 | O23: Provost-Teaching Operations | P23: 70001 | Q23: 1070001 | R23: 100 | S23: 70001 | T23: 1070001100 | U23: Instruction
A24: Tax Levy | B24: Acad Aff | C24: Office for Teaching & Learning | D24: 10 | E24: Acad AffOffice for Teaching & Learning | F24: 1070062100 | G24: 999999 | I24: 9999 | J24: FS not applicable | K24: 99999 | M24: 9999 | O24: Ctr. Teaching and Learning | P24: 70062 | Q24: 1070062 | R24: 100 | S24: 70062 | T24: 1070062100 | U24: Instruction
... A108: Tax Levy | B108: UWI | C108: UWI | D108: 10 | E108: UWIUWI | F108: 1080291352 | G108: 999999 | I108: 108 | J108: FS not applicable | K108: 99999 | M108: 9999 | O108: UWI | P108: 80291 | Q108: 1080291 | R108: 352 | S108: 80291 | T108: 1080291352 | U108: Information Services
A109: IFR | B109: Acad Aff | C109: Education Service Admin | D109: 11 | E109: Acad AffEducation Service Admin | F109: 1170033300 | G109: 999999 | H109: NA | I109: 9999 | J109: NA | K109: 99999 | L109: NA | M109: 9999 | N109: NA | O109: Digital Learning Hub | P109: 70033 | Q109: 1170033 | R109: 300 | S109: 70033 | T109: 1170033300
A110: Tax Levy | B110: Acad Aff | C110: Education Service Admin | D110: 10 | E110: Acad AffEducation Service Admin | F110: 1070033250 | G110: 999999 | H110: NA | I110: 9999 | J110: NA | K110: 99999 | L110: NA | M110: 9999 | N110: NA | O110: Digital Learning Hub | P110: 70033 | Q110: 1070033 | R110: 250 | S110: 70033 | T110: 1070033250 | U110: Academic Support
A111: IFR | B111: VPSA | C111: Student Affairs & Serv | D111: 11 | E111: VPSAStudent Affairs & Serv | F111: 1175056401 | G111: 999999 | I111: 9999 | K111: 78313 | L111: 569 Lexington Ave Dorm Lease | M111: 9999 | O111: Student Affairs & Serv | P111: 75056 | Q111: 1175056 | R111: 401 | S111: 75056 | T111: 1175056401 | U111: Building Rentals
A112: Tax Levy | B112: ZSB | C112: Entrepreneurship & Innovation | D112: 10 | E112: ZSBEntrepreneurship & Innovation | F112: 1010471100 | G112: 999999 | I112: 9999 | K112: 99999 | M112: 9999 | O112: Entrepreneurship & Innovation | P112: 10471 | Q112: 1010471 | R112: 100 | S112: 10471 | T112: 1010471100 | U112: Instruction
A113: Tax Levy | B113: President | C113: Legal, Labor, Compliance & DEI | D113: 10 | E113: PresidentLegal, Labor, Compliance & DEI | F113: 1080199355 | G113: 999999 | I113: 9999 | K113: 99999 | M113: 9999 | O113: Legal, Labor, Compliance & DEI | P113: 80199 | Q113: 1080199 | R113: 355 | S113: 80199 | T113: 1080199355 | U113: General Administration
A114: Tax Levy | B114: Acad Aff | C114: Education&Training | D114: 10 | E114: Acad AffEducation&Training | F114: 1080137350 | G114: 999999 | I114: 9999 | K114: 99999 | M114: 9999 | O114: Educational Technology Office | P114: 80137 | Q114: 1080137 | R114: 350 | S114: 80137 | T114: 1080137350 | U114: Institutional Support
A115: IFR | B115: Acad Aff | C115: Education&Training | D115: 11 | E115: Acad AffEducation&Training | F115: 1180137300 | G115: 999999 | I115: 9999 | K115: 99999 | M115: 3019 | O115: Educational Technology Office | P115: 80137 | Q115: 1180137 | R115: 300 | S115: 80137 | T115: 1180137300 | U115: Student Services
A116: IFR | B116: Acad Aff | C116: Education&Training | D116: 11 | E116: Acad AffEducation&Training | F116: 1180137350 | G116: 999999 | I116: 9999 | K116: 99999 | M116: 3019 | O116: Educational Technology Office | P116: 80137 | Q116: 1180137 | R116: 350 | S116: 80137 | T116: 1180137350 | U116: Institutional Support
A117: Tax Levy | B117: ZSB | C117: Business PhD Progam | D117: 10 | E117: ZSBBusiness PhD Program | F117: 1010351100 | G117: 999999 | I117: 9999 | K117: 99999 | M117: 9999 | O117: Business PhD Program | P117: 10351 | Q117: 1010351 | R117: 100 | S117: 10351 | T117: 1010351100 | U117: Instruction
A118: IFR | B118: ZSB | C118: Business PhD Progam | D118: 11 | E118: ZSBBusiness PhD Program | F118: 1110351100 | G118: 999999 | I118: 9999 | K118: 99999 | M118: 4001 | O118: Business PhD Program | P118: 10351 | Q118: 1110351 | R118: 100 | S118: 10351 | T118: 1110351100 | U118: Instruction
A119: IFR | B119: ZSB | C119: Center, Lawrence Field/Sm Bus | D119: 11 | E119: ZSBCenter, Lawrence Field/Sm Bus | F119: 1160198100 | G119: 999999 | I119: 9999 | K119: 99999 | M119: 4001 | O119: Center, Lawrence Field/Sm Bus | P119: 60198 | Q119: 1160198 | R119: 100 | S119: 60198 | T119: 1160198100 | U119: Instruction
A120: IFR | B120: ZSB | C120: Executive Programs | D120: 11 | E120: ZSBExecutive Programs | F120: 1165040100 | G120: 999999 | I120: 9999 | K120: 99999 | M120: 4001 | O120: Executive Program | P120: 65040 | Q120: 1165040 | R120: 100 | S120: 65040 | T120: 1165040100 | U120: Instruction
A121: Tax Levy | B121: Acad Aff | C121: Careers&Industry Partnerships | D121: 10 | E121: Acad AffCareers&Industry Partnerships | F121: 1080402300 | G121: 999999 | I121: 9999 | K121: 99999 | M121: 9999 | O121: Careers&Industry Partnerships | P121: 80402 | Q121: 1080402 | R121: 300 | S121: 80402 | T121: 1080402300 | U121: Student Services
A122: IFR | B122: VPAF | C122: Business Office/Fin Operations | D122: 11 | F122: 1180045100 | G122: 999999 | I122: 9999 | K122: 99999 | M122: 3012 | Q122: 1180045 | R122: 100 | S122: 80045 | T122: 1180045100
A123: IFR | B123: VPAF | C123: Business Office/Fin Operations | D123: 11 | F123: 1180045401 | G123: 999999 | I123: 9999 | K123: 99999 | M123: 3027 | Q123: 1180045 | R123: 401 | S123: 80045 | T123: 1180045401
A124: IFR | B124: WSAS | C124: Natural Sciences | D124: 11 | F124: 1110208300 | G124: 999999 | I124: 9999 | K124: 99999 | M124: 3019 | Q124: 1110208 | R124: 300 | S124: 10208 | T124: 1110208300
A125: IFR | B125: ZSB | C125: Dean Of Business | D125: 11 | F125: 1110381300 | G125: 999999 | I125: 9999 | K125: 99999 | M125: 3019 | Q125: 1110381 | R125: 300 | S125: 10381 | T125: 1110381300
A126: IFR | B126: Library | C126: Library | D126: 11 | F126: 1170054300 | G126: 999999 | I126: 9999 | K126: 99999 | M126: 3019 | Q126: 1170054 | R126: 300 | S126: 70054 | T126: 1170054300
A127: IFR | B127: Acad Aff | C127: Office for Teaching & Learning | D127: 11 | F127: 1170062300 | G127: 999999 | I127: 9999 | K127: 99999 | M127: 3019 | Q127: 1170062 | R127: 300 | S127: 70062 | T127: 1170062300
A128: IFR | B128: Acad Aff | C128: English & Speech | D128: 11 | F128: 1110103300 | G128: 999999 | I128: 9999 | K128: 99999 | M128: 3019 | Q128: 1110103 | R128: 300 | S128: 10103 | T128: 1110103300
A129: IFR | B129: VPAF | C129: Budget and Planning Operations | D129: 11 | F129: 1180037100 | G129: 999999 | I129: 9999 | K129: 99999 | M129: 3012 | Q129: 1180037 | R129: 100 | S129: 80037 | T129: 1180037100
A130: IFR | B130: VPEM | C130: Dean Of Student Services | D130: 11 | F130: 1110393300 | G130: 999999 | I130: 9999 | K130: 99999 | M130: 3019 | Q130: 1110393 | R130: 300 | S130: 10393 | T130: 1110393300
A131: IFR | B131: VPSA | C131: Student Affairs & Serv | D131: 11 | F131: 1175056300 | G131: 999999 | I131: 9999 | K131: 99999 | M131: 3019 | Q131: 1175056 | R131: 300 | S131: 75056 | T131: 1175056300
A132: IFR | B132: Acad Aff | C132: Student Placement Office | D132: 11 | F132: 1175070300 | G132: 999999 | I132: 9999 | K132: 99999 | M132: 3019 | Q132: 1175070 | R132: 300 | S132: 75070 | T132: 1175070300
A133: IFR | B133: VPSA | C133: Student Disability Services | D133: 11 | F133: 1175126300 | G133: 999999 | I133: 9999 | K133: 99999 | M133: 3019 | Q133: 1175126 | R133: 300 | S133: 75126 | T133: 1175126300
... A141: IFR | B141: ZSB | C141: Career Services Operations | D141: 11 | F141: 1175018300 | G141: 999999 | I141: 9999 | K141: 99999 | M141: 3019 | Q141: 1175018 | R141: 300 | S141: 75018 | T141: 1175018300

Sheet Chartfields
A1: Data.Ledger | B1: Data.Division | C1: Data.CUNYFIRST GL Dept. Description (University Shared) | D1: Data.Fund | E1: Data.CUNYFIRST GL Dept Code | F1: Data.CUNYFIRST HCM Dept Code | G1: Data.CUNYFIRST HCM Dept Description | H1: Data.Major Purpose | I1: Data.Major Purpose Descr | J1: Data.Opearting Unit Descr | K1: Data.Operating Unit | L1: Data.Program Code Descr | M1: Data.Program | N1: Data.Funding Source Descr | O1: Data.Funding Source | P1: Data. Special Initiatives Descr | Q1: Data.Special Initiatives | R1: Fund&Dept | S1: Division&DeptCode | T1: FundMPDept
A2: IFR | B2: Acad Aff | C2: ACE Administrative | D2: 11 | E2: 15004 | F2: 15004 | G2: Continuing & Profl Studies | H2: 100 | I2: Instruction | J2: Adult and Continuing Education | K2: 4001 | M2: 99999 | N2: FS not applicable | O2: 999999 | Q2: 9999 | R2: 1115004 | S2: Acad AffACE Administrative | T2: 1115004100
A3: IFR | B3: VPAF | C3: Business Office/Fin Operations | D3: 11 | E3: 80045 | F3: 80045 | G3: Business Office/Fin Operations | H3: 355 | I3: General Administration | J3: IFR Senior Colleges | K3: 3012 | M3: 99999 | N3: FS not applicable | O3: 999999 | Q3: 9999 | R3: 1180045 | S3: VPAFBusiness Office/Fin Operations | T3: 1180045355
A4: IFR | B4: VPAF | C4: Business Office/Fin Operations | D4: 11 | E4: 80045 | F4: 80045 | G4: Business Office/Fin Operations | H4: 400 | I4: Operation & Maintence of Plant | J4: IFR Senior Colleges | K4: 3012 | M4: 99999 | N4: FS not applicable | O4: 999999 | Q4: 9999 | R4: 1180045 | S4: VPAFBusiness Office/Fin Operations | T4: 1180045400
A5: Tax Levy | B5: VPEM | C5: Black Male Initiative | D5: 10 | E5: 65011 | F5: 65011 | G5: Black Male Initiative | H5: 300 | I5: Student Services | K5: 9999 | M5: 99999 | N5: FS not applicable | O5: 999999 | Q5: 102 | R5: 1065011 | S5: VPEMBlack Male Initiative | T5: 1065011300
A6: IFR | B6: UWI | C6: UWI | D6: 11 | E6: 80291 | F6: 80291 | G6: UWI | H6: 352 | I6: Information Services | J6: Technology Fees | K6: 3019 | M6: 99999 | N6: FS not applicable | O6: 999999 | Q6: 108 | R6: 1180291 | S6: UWIUWI | T6: 1180291352
A7: IFR | B7: VPISD | C7: Computer Center Operations | D7: 11 | E7: 80073 | F7: 80073 | G7: BCTC - Computing & Tech Ctr | H7: 300 | I7: Student Services | J7: Technology Fees | K7: 3019 | M7: 99999 | N7: FS not applicable | O7: 999999 | Q7: 9999 | R7: 1180073 | S7: VPISDComputer Center Operations | T7: 1180073300
A8: IFR | B8: VPSA | C8: Center, Child Care | D8: 11 | E8: 60021 | F8: 60021 | G8: Early Learning Center (ELC) | H8: 200 | I8: Public Service | J8: IFR Senior Colleges | K8: 3012 | M8: 99999 | N8: FS not applicable | O8: 999999 | Q8: 9999 | R8: 1160021 | S8: VPSACenter, Child Care | T8: 1160021200
A9: IFR | B9: WSAS | C9: Mathematics | D9: 11 | E9: 10195 | F9: 10195 | G9: Mathematics | H9: 100 | I9: Instruction | J9: IFR Senior Colleges | K9: 3012 | M9: 99999 | N9: FS not applicable | O9: 999999 | Q9: 9999 | R9: 1110195 | S9: WSASMathematics | T9: 1110195100
A10: IFR | B10: WSAS | C10: Natural Sciences | D10: 11 | E10: 10208 | F10: 10208 | G10: Natural Sciences | H10: 100 | I10: Instruction | J10: IFR Senior Colleges | K10: 3012 | M10: 99999 | N10: FS not applicable | O10: 999999 | Q10: 9999 | R10: 1110208 | S10: WSASNatural Sciences | T10: 1110208100
A11: IFR | B11: ZSB | C11: Dean Of Business | D11: 11 | E11: 10381 | F11: 10381 | G11: Dean's Office - ZSB | H11: 100 | I11: Instruction | J11: Adult and Continuing Education | K11: 4001 | M11: 99999 | N11: FS not applicable | O11: 999999 | Q11: 9999 | R11: 1110381 | S11: ZSBDean Of Business | T11: 1110381100
A12: IFR | B12: ZSB | C12: Graduate Programs | D12: 11 | E12: 80101 | F12: 80101 | G12: Graduate Programs - ZSB | H12: 100 | I12: Instruction | J12: Adult and Continuing Education | K12: 4001 | M12: 99999 | N12: FS not applicable | O12: 999999 | Q12: 9999 | R12: 1180101 | S12: ZSBGraduate Programs | T12: 1180101100
A13: IFR | B13: VPAF | C13: Facility Maintenance Operation | D13: 11 | E13: 80048 | F13: 80048 | G13: Buildings & Grounds | H13: 400 | I13: Operation & Maintence of Plant | K13: 3012 | M13: 99999 | N13: FS not applicable | O13: 999999 | Q13: 9999 | R13: 1180048 | S13: VPAFFacility Maintenance Operation | T13: 1180048400
A14: IFR | B14: VPAF | C14: Security Operations | D14: 11 | E14: 80274 | F14: 80274 | G14: Public Safety | H14: 350 | I14: Institutional Support | K14: 4001 | M14: 99999 | N14: FS not applicable | O14: 999999 | Q14: 9999 | R14: 1180274 | S14: VPAFSecurity Operations | T14: 1180274350
A15: IFR | B15: Library | C15: Library | D15: 11 | E15: 70054 | F15: 70054 | G15: Library | H15: 251 | I15: Library | K15: 4001 | M15: 99999 | N15: FS not applicable | O15: 999999 | Q15: 9999 | R15: 1170054 | S15: LibraryLibrary | T15: 1170054251
A16: IFR | B16: ZSB | C16: Institute, Newman RE | D16: 11 | E16: 60195 | F16: 60195 | G16: Newman Real Estate Inst (NREI) | H16: 100 | I16: Instruction | K16: 4001 | M16: 99999 | N16: FS not applicable | O16: 999999 | Q16: 9999 | R16: 1160195 | S16: ZSBInstitute, Newman RE | T16: 1160195100
A17: IFR | B17: WSAS | C17: Philosophy | D17: 11 | E17: 10221 | F17: 10221 | G17: Philosophy | H17: 100 | I17: Instruction | K17: 3012 | M17: 99999 | N17: FS not applicable | O17: 999999 | Q17: 9999 | R17: 1110221 | S17: WSASPhilosophy | T17: 1110221100
A18: IFR | B18: WSAS | C18: History & Contemporary Civil | D18: 11 | E18: 10148 | F18: 10148 | G18: History | H18: 100 | I18: Instruction | K18: 3012 | M18: 99999 | N18: FS not applicable | O18: 999999 | Q18: 9999 | R18: 1110148 | S18: WSASHistory & Contemporary Civil | T18: 1110148100
A19: Tax Levy | B19: Acad Aff | C19: Dean For Academic Affairs | D19: 10 | E19: 10377 | F19: 10377 | G19: Provost-Faculty Operations | H19: 100 | I19: Instruction | K19: 9999 | M19: 99999 | N19: FS not applicable | O19: 999999 | Q19: 9999 | R19: 1010377 | S19: Acad AffDean For Academic Affairs | T19: 1010377100
A20: Tax Levy | B20: Acad Aff | C20: Center, Writing | D20: 10 | E20: 60083 | F20: 60083 | G20: Writing Center | H20: 100 | I20: Instruction | K20: 9999 | M20: 99999 | N20: FS not applicable | O20: 999999 | Q20: 9999 | R20: 1060083 | S20: Acad AffCenter, Writing | T20: 1060083100
A21: Tax Levy | B21: VPEM | C21: College Now Program | D21: 10 | E21: 65017 | F21: 65017 | G21: College Now Program | H21: 100 | I21: Instruction | K21: 9999 | M21: 99999 | N21: FS not applicable | O21: 999999 | Q21: 9999 | R21: 1065017 | S21: VPEMCollege Now Program | T21: 1065017100
A22: Tax Levy | B22: Acad Aff | C22: Honors/Experimental | D22: 10 | E22: 65054 | F22: 65054 | G22: Honors Program | H22: 100 | I22: Instruction | K22: 9999 | M22: 99999 | N22: FS not applicable | O22: 999999 | Q22: 9999 | R22: 1065054 | S22: Acad AffHonors/Experimental | T22: 1065054100
A23: Tax Levy | B23: Acad Aff | C23: Academic Affairs | D23: 10 | E23: 70001 | F23: 70001 | G23: Provost-Teaching Operations | H23: 100 | I23: Instruction | K23: 9999 | M23: 99999 | N23: FS not applicable | O23: 999999 | Q23: 9999 | R23: 1070001 | S23: Acad AffAcademic Affairs | T23: 1070001100
A24: Tax Levy | B24: Acad Aff | C24: Office for Teaching & Learning | D24: 10 | E24: 70062 | F24: 70062 | G24: Ctr. Teaching and Learning | H24: 100 | I24: Instruction | K24: 9999 | M24: 99999 | N24: FS not applicable | O24: 999999 | Q24: 9999 | R24: 1070062 | S24: Acad AffOffice for Teaching & Learning | T24: 1070062100
... A40: Tax Levy | B40: VPAF | C40: Business Office/Fin Operations | D40: 10 | E40: 80045 | F40: 80045 | G40: Business Office/Fin Operations | H40: 355 | I40: General Administration | K40: 9999 | M40: 99999 | N40: FS not applicable | O40: 999999 | Q40: 9999 | R40: 1080045 | S40: VPAFBusiness Office/Fin Operations | T40: 1080045355
A41: Tax Levy | B41: VPAF | C41: Business Office/Fin Operations | D41: 10 | E41: 80045 | F41: 80045 | G41: Business Office/Fin Operations | H41: 355 | I41: General Administration | K41: 9999 | L41: Vendor Services | M41: 10454 | N41: FS not applicable | O41: 999999 | Q41: 9999 | R41: 1080045 | S41: VPAFBusiness Office/Fin Operations | T41: 1080045355
A42: Tax Levy | B42: VPAF | C42: Facility Maintenance Operation | D42: 10 | E42: 80048 | F42: 80048 | G42: Buildings & Grounds | H42: 400 | I42: Operation & Maintence of Plant | K42: 9999 | M42: 99999 | N42: FS not applicable | O42: 999999 | Q42: 9999 | R42: 1080048 | S42: VPAFFacility Maintenance Operation | T42: 1080048400
A43: Tax Levy | B43: VPAF | C43: Facility Maintenance Operation | D43: 10 | E43: 80048 | F43: 80048 | G43: Buildings & Grounds | H43: 403 | I43: Utilities | K43: 9999 | M43: 99999 | N43: FS not applicable | O43: 999999 | Q43: 9999 | R43: 1080048 | S43: VPAFFacility Maintenance Operation | T43: 1080048403
A44: Tax Levy | B44: VPAF | C44: Campus Planning & Operations | D44: 10 | E44: 80049 | F44: 80049 | G44: Conference Center | H44: 400 | I44: Operation & Maintence of Plant | K44: 9999 | M44: 99999 | N44: FS not applicable | O44: 999999 | Q44: 9999 | R44: 1080049 | S44: VPAFCampus Planning & Operations | T44: 1080049400
A45: Tax Levy | B45: VPAF | C45: Central Receiving and Stores | D45: 10 | E45: 80054 | F45: 80054 | G45: Receiving & Stores | H45: 350 | I45: Institutional Support | K45: 9999 | M45: 99999 | N45: FS not applicable | O45: 999999 | Q45: 9999 | R45: 1080054 | S45: VPAFCentral Receiving and Stores | T45: 1080054350
A46: Tax Levy | B46: VPAF | C46: Facilities Planning Operations | D46: 10 | E46: 80149 | F46: 80149 | G46: Campus Facilities & Operations | H46: 355 | I46: General Administration | K46: 9999 | M46: 99999 | N46: FS not applicable | O46: 999999 | Q46: 9999 | R46: 1080149 | S46: VPAFFacilities Planning Operations | T46: 1080149355
A47: Tax Levy | B47: VPAF | C47: Human Resources Operations | D47: 10 | E47: 80174 | F47: 80174 | G47: Human Resources | H47: 355 | I47: General Administration | K47: 9999 | M47: 99999 | N47: FS not applicable | O47: 999999 | Q47: 9999 | R47: 1080174 | S47: VPAFHuman Resources Operations | T47: 1080174355
A48: Tax Levy | B48: VPAF | C48: Mail and Messenger Services | D48: 10 | E48: 80203 | F48: 80203 | G48: Mailroom | H48: 350 | I48: Institutional Support | K48: 9999 | M48: 99999 | N48: FS not applicable | O48: 999999 | Q48: 9999 | R48: 1080203 | S48: VPAFMail and Messenger Services | T48: 1080203350
A49: Tax Levy | B49: VPAF | C49: Purchasing | D49: 10 | E49: 80264 | F49: 80264 | G49: Purchasing | H49: 355 | I49: General Administration | K49: 9999 | M49: 99999 | N49: FS not applicable | O49: 999999 | Q49: 9999 | R49: 1080264 | S49: VPAFPurchasing | T49: 1080264355
A50: Tax Levy | B50: VPAF | C50: Security Operations | D50: 10 | E50: 80274 | F50: 80274 | G50: Public Safety | H50: 350 | I50: Institutional Support | K50: 9999 | M50: 99999 | N50: FS not applicable | O50: 999999 | Q50: 9999 | R50: 1080274 | S50: VPAFSecurity Operations | T50: 1080274350
A51: Tax Levy | B51: VPAF | C51: VP Finance and Administration | D51: 10 | E51: 80299 | F51: 80299 | G51: VP for Admin & Finance | H51: 355 | I51: General Administration | K51: 9999 | M51: 99999 | N51: FS not applicable | O51: 999999 | Q51: 9999 | R51: 1080299 | S51: VPAFVP Finance and Administration | T51: 1080299355
A52: Tax Levy | B52: VPCA | C52: College Relations Operations | D52: 10 | E52: 80069 | F52: 80069 | G52: College Advancement | H52: 350 | I52: Institutional Support | K52: 9999 | M52: 99999 | N52: FS not applicable | O52: 999999 | Q52: 9999 | R52: 1080069 | S52: VPCACollege Relations Operations | T52: 1080069350
A53: Tax Levy | B53: VPEM | C53: Dean Of Student Services | D53: 10 | E53: 10393 | F53: 10393 | G53: VP-Enrollment Management | H53: 300 | I53: Student Services | K53: 9999 | M53: 99999 | N53: FS not applicable | O53: 999999 | Q53: 9999 | R53: 1010393 | S53: VPEMDean Of Student Services | T53: 1010393300
... A56: Tax Levy | B56: VPEM | C56: Admissions Services | D56: 10 | E56: 75002 | F56: 75002 | G56: Undergraduate Admissions | H56: 300 | I56: Student Services | K56: 9999 | M56: 99999 | N56: FS not applicable | O56: 999999 | Q56: 9999 | R56: 1075002 | S56: VPEMAdmissions Services | T56: 1075002300
A57: Tax Levy | B57: VPEM | C57: Admissions Services | D57: 10 | E57: 75002 | F57: 75002 | G57: Undergraduate Admissions | H57: 300 | I57: Student Services | K57: 9999 | L57: Welcome Center Program | M57: 10486 | N57: FS not applicable | O57: 999999 | Q57: 9999 | R57: 1075002 | S57: VPEMAdmissions Services | T57: 1075002300
A58: Tax Levy | B58: VPEM | C58: International Student Services | D58: 10 | E58: 75037 | F58: 75037 | G58: International Student Services | H58: 300 | I58: Student Services | K58: 9999 | M58: 99999 | N58: FS not applicable | O58: 999999 | Q58: 9999 | R58: 1075037 | S58: VPEMInternational Student Services | T58: 1075037300
A59: Tax Levy | B59: VPEM | C59: Student Financial Aid | D59: 10 | E59: 75065 | F59: 75065 | G59: Financial Aid | H59: 300 | I59: Student Services | K59: 9999 | M59: 99999 | N59: FS not applicable | O59: 999999 | Q59: 9999 | R59: 1075065 | S59: VPEMStudent Financial Aid | T59: 1075065300
A60: Tax Levy | B60: VPEM | C60: Testing and Evaluation | D60: 10 | E60: 75078 | F60: 75078 | G60: Skills Assessment Testing | H60: 300 | I60: Student Services | K60: 9999 | M60: 99999 | N60: FS not applicable | O60: 999999 | Q60: 9999 | R60: 1075078 | S60: VPEMTesting and Evaluation | T60: 1075078300
A61: Tax Levy | B61: VPEM | C61: Registrar | D61: 10 | E61: 80268 | F61: 80268 | G61: Office of the Registrar | H61: 300 | I61: Student Services | K61: 9999 | M61: 99999 | N61: FS not applicable | O61: 999999 | Q61: 9999 | R61: 1080268 | S61: VPEMRegistrar | T61: 1080268300
A62: Tax Levy | B62: Library | C62: Library | D62: 10 | E62: 70054 | F62: 70054 | G62: Library | H62: 251 | I62: Library | K62: 9999 | M62: 99999 | N62: FS not applicable | O62: 999999 | Q62: 9999 | R62: 1070054 | S62: LibraryLibrary | T62: 1070054251
A63: Tax Levy | B63: VPISD | C63: Computer Center Operations | D63: 10 | E63: 80073 | F63: 80073 | G63: BCTC - Computing & Tech Ctr | H63: 350 | I63: Institutional Support | K63: 9999 | M63: 99999 | N63: FS not applicable | O63: 999999 | Q63: 9999 | R63: 1080073 | S63: VPISDComputer Center Operations | T63: 1080073350
A64: Tax Levy | B64: Acad Aff | C64: Institutional Research/Analys | D64: 10 | E64: 80185 | F64: 80185 | G64: Institutional Research & Analy | H64: 350 | I64: Institutional Support | K64: 9999 | M64: 99999 | N64: FS not applicable | O64: 999999 | Q64: 9999 | R64: 1080185 | S64: Acad AffInstitutional Research/Analys | T64: 1080185350
A65: Tax Levy | B65: VPSA | C65: Counseling & Comm Skills | D65: 10 | E65: 10071 | F65: 10071 | G65: Student Development/Counseling | H65: 100 | I65: Instruction | K65: 9999 | M65: 99999 | N65: FS not applicable | O65: 999999 | Q65: 9999 | R65: 1010071 | S65: VPSACounseling & Comm Skills | T65: 1010071100
A66: Tax Levy | B66: VPSA | C66: Physical Education | D66: 10 | E66: 10134 | F66: 10134 | G66: Physical Education | H66: 100 | I66: Instruction | K66: 9999 | M66: 99999 | N66: FS not applicable | O66: 999999 | Q66: 9999 | R66: 1010134 | S66: VPSAPhysical Education | T66: 1010134100
A67: Tax Levy | B67: VPSA | C67: Center, Child Care | D67: 10 | E67: 60021 | F67: 60021 | G67: Early Learning Center (ELC) | H67: 300 | I67: Student Services | K67: 9999 | M67: 99999 | N67: FS not applicable | O67: 999999 | Q67: 9999 | R67: 1060021 | S67: VPSACenter, Child Care | T67: 1060021300
A68: Tax Levy | B68: VPSA | C68: Athletics & Recreation | D68: 10 | E68: 75012 | F68: 75012 | G68: Athletic & Recreation (ARC) | H68: 300 | I68: Student Services | K68: 9999 | M68: 99999 | N68: FS not applicable | O68: 999999 | Q68: 9999 | R68: 1075012 | S68: VPSAAthletics & Recreation | T68: 1075012300
A69: Tax Levy | B69: VPSA | C69: Counseling Center | D69: 10 | E69: 75022 | F69: 75022 | G69: Counseling & Psychological Svc | H69: 300 | I69: Student Services | K69: 9999 | M69: 99999 | N69: FS not applicable | O69: 999999 | Q69: 9999 | R69: 1075022 | S69: VPSACounseling Center | T69: 1075022300
... A111: Tax Levy | B111: UWI | C111: UWI | D111: 10 | E111: 80291 | F111: 80291 | G111: UWI | H111: 352 | I111: Information Services | K111: 9999 | M111: 99999 | N111: FS not applicable | O111: 999999 | Q111: 108 | R111: 1080291 | S111: UWIUWI | T111: 1080291352
A112: Tax Levy | B112: VPEM | C112: College Now Program | D112: 10 | E112: 65017 | F112: 65017 | G112: College Now Program | H112: 100 | I112: Instruction | K112: 9999 | L112: Tutor Corp | M112: 30040 | N112: FS not applicable | O112: 999999 | P112: Academic Affairs Initiatives | Q112: 100 | R112: 1065017 | S112: VPEMCollege Now Program | T112: 1065017100
A113: Tax Levy | B113: MSPIA | C113: Public Affairs | D113: 10 | E113: 10250 | F113: 10250 | G113: Public Affairs | H113: 100 | I113: Instruction | K113: 9999 | L113: NYC Agency Programs | M113: 10576 | O113: 999999 | Q113: 9999 | R113: 1010250 | S113: MSPIAPublic Affairs | T113: 1010250100
A114: IFR | B114: Acad Aff | C114: Education Service Admin | D114: 11 | E114: 70033 | F114: 70033 | G114: Digital Learning Hub | H114: 300 | J114: NA | K114: 9999 | L114: NA | M114: 99999 | N114: NA | O114: 999999 | P114: NA | Q114: 9999 | R114: 1170033 | S114: Acad AffEducation Service Admin | T114: 1170033300
A115: Tax Levy | B115: Acad Aff | C115: Education Service Admin | D115: 10 | E115: 70033 | F115: 70033 | G115: Digital Learning Hub | H115: 250 | I115: Academic Support | J115: NA | K115: 9999 | L115: NA | M115: 99999 | N115: NA | O115: 999999 | P115: NA | Q115: 9999 | R115: 1070033 | S115: Acad AffEducation Service Admin | T115: 1070033250
A116: Tax Levy | B116: WSAS | C116: Psychology | D116: 10 | E116: 10245 | F116: 10245 | G116: Psychology | H116: 100 | I116: Instruction | K116: 9999 | L116: Exe MS Ind & Org Psychology | M116: 40360 | O116: 303000 | Q116: 9999 | R116: 1010245 | S116: WSASPsychology | T116: 1010245100
A117: Tax Levy | B117: ZSB | C117: Executive Programs | D117: 10 | E117: 65040 | F117: 65040 | G117: Executive Programs | H117: 100 | I117: Instruction | K117: 9999 | L117: Executive MBA | M117: 40300 | O117: 302500 | Q117: 9999 | R117: 1065040 | S117: ZSBExecutive Programs | T117: 1065040100
A118: Tax Levy | B118: ZSB | C118: Executive Programs | D118: 10 | E118: 65040 | F118: 65040 | G118: Executive Programs | H118: 100 | I118: Instruction | K118: 9999 | L118: Executive Business DPS | M118: 40305 | O118: 302500 | Q118: 9999 | R118: 1065040 | S118: ZSBExecutive Programs | T118: 1065040100
A119: Tax Levy | B119: ZSB | C119: Executive Programs | D119: 10 | E119: 65040 | F119: 65040 | G119: Executive Programs | H119: 100 | I119: Instruction | K119: 9999 | L119: Executive MS HR Management | M119: 40308 | O119: 302500 | Q119: 9999 | R119: 1065040 | S119: ZSBExecutive Programs | T119: 1065040100
A120: IFR | B120: VPSA | C120: Student Affairs & Serv | D120: 11 | E120: 75056 | F120: 75056 | G120: Student Affairs & Serv | H120: 401 | I120: Building Rentals | K120: 9999 | L120: 569 Lexington Ave Dorm Lease | M120: 78313 | O120: 999999 | Q120: 9999 | R120: 1175056 | S120: VPSAStudent Affairs & Serv | T120: 1175056401
A121: Tax Levy | B121: ZSB | C121: Entrepreneurship & Innovation | D121: 10 | E121: 10471 | F121: 10471 | G121: Entrepreneurship & Innovation | H121: 100 | I121: Instruction | K121: 9999 | M121: 99999 | O121: 999999 | Q121: 9999 | R121: 1010471 | S121: ZSBEntrepreneurship & Innovation | T121: 1010471100
A122: Tax Levy | B122: President | C122: Legal, Labor, Compliance & DEI | D122: 10 | E122: 80199 | F122: 80199 | G122: Legal, Labor, Compliance & DEI | H122: 355 | I122: General Administration | K122: 9999 | M122: 99999 | O122: 999999 | Q122: 9999 | R122: 1080199 | S122: PresidentLegal, Labor, Compliance & DEI | T122: 1080199355
A123: Tax Levy | B123: Acad Aff | C123: Education&Training | D123: 10 | E123: 80137 | F123: 80137 | G123: Educational Technology Office | H123: 350 | I123: Institutional Support | K123: 9999 | M123: 99999 | O123: 999999 | Q123: 9999 | R123: 1080137 | S123: Acad AffEducation&Training | T123: 1080137350
A124: IFR | B124: Acad Aff | C124: Education&Training | D124: 11 | E124: 80137 | F124: 80137 | G124: Educational Technology Office | H124: 300 | I124: Student Services | K124: 3019 | M124: 99999 | O124: 999999 | Q124: 9999 | R124: 1180137 | S124: Acad AffEducation&Training | T124: 1180137300
A125: IFR | B125: Acad Aff | C125: Education&Training | D125: 11 | E125: 80137 | F125: 80137 | G125: Educational Technology Office | H125: 350 | I125: Institutional Support | K125: 3019 | M125: 99999 | O125: 999999 | Q125: 9999 | R125: 1180137 | S125: Acad AffEducation&Training | T125: 1180137350
A126: Tax Levy | B126: ZSB | C126: Business PhD Progam | D126: 10 | E126: 10351 | F126: 10351 | G126: Business PhD Program | H126: 100 | I126: Instruction | K126: 9999 | M126: 99999 | O126: 999999 | Q126: 9999 | R126: 1010351 | S126: ZSBBusiness PhD Program | T126: 1010351100
A127: IFR | B127: ZSB | C127: Business PhD Progam | D127: 11 | E127: 10351 | F127: 10351 | G127: Business PhD Program | H127: 100 | I127: Instruction | K127: 4001 | M127: 99999 | O127: 999999 | Q127: 9999 | R127: 1110351 | S127: ZSBBusiness PhD Program | T127: 1110351100
A128: IFR | B128: ZSB | C128: Center, Lawrence Field/Sm Bus | D128: 11 | E128: 60198 | F128: 60198 | G128: Center, Lawrence Field/Sm Bus | H128: 100 | I128: Instruction | K128: 4001 | M128: 99999 | O128: 999999 | Q128: 9999 | R128: 1160198 | S128: ZSBCenter, Lawrence Field/Sm Bus | T128: 1160198100
A129: IFR | B129: ZSB | C129: Executive Programs | D129: 11 | E129: 65040 | F129: 65040 | G129: Executive Program | H129: 100 | I129: Instruction | K129: 4001 | M129: 99999 | O129: 999999 | Q129: 9999 | R129: 1165040 | S129: ZSBExecutive Programs | T129: 1165040100
A130: Tax Levy | B130: Acad Aff | C130: Careers&Industry Partnerships | D130: 10 | E130: 80402 | F130: 80402 | G130: Careers&Industry Partnerships | H130: 300 | I130: Student Services | K130: 9999 | M130: 99999 | O130: 999999 | Q130: 9999 | R130: 1080402 | S130: Acad AffCareers&Industry Partnerships | T130: 1080402300
A131: IFR | B131: VPAF | C131: Business Office/Fin Operations | D131: 11 | E131: 80045 | H131: 100 | K131: 3012 | M131: 99999 | O131: 999999 | Q131: 9999 | R131: 1180045 | T131: 1180045100
A132: IFR | B132: VPAF | C132: Business Office/Fin Operations | D132: 11 | E132: 80045 | H132: 100 | K132: 4001 | M132: 99999 | O132: 999999 | Q132: 9999 | R132: 1180045 | T132: 1180045100
A133: IFR | B133: VPAF | C133: Business Office/Fin Operations | D133: 11 | E133: 80045 | H133: 401 | K133: 3027 | M133: 99999 | O133: 999999 | Q133: 9999 | R133: 1180045 | T133: 1180045401
A134: IFR | B134: UWI | C134: UWI | D134: 11 | E134: 80291 | H134: 352 | K134: 3019 | M134: 99999 | O134: 999999 | Q134: 9999 | R134: 1180291 | T134: 1180291352
A135: IFR | B135: WSAS | C135: Natural Sciences | D135: 11 | E135: 10208 | H135: 300 | K135: 3019 | M135: 99999 | O135: 999999 | Q135: 9999 | R135: 1110208 | T135: 1110208300
A136: IFR | B136: ZSB | C136: Dean Of Business | D136: 11 | E136: 10381 | H136: 100 | K136: 3012 | M136: 99999 | O136: 999999 | Q136: 9999 | R136: 1110381 | T136: 1110381100
A137: IFR | B137: ZSB | C137: Dean Of Business | D137: 11 | E137: 10381 | H137: 300 | K137: 3019 | M137: 99999 | O137: 999999 | Q137: 9999 | R137: 1110381 | T137: 1110381300
A138: IFR | B138: Library | C138: Library | D138: 11 | E138: 70054 | H138: 300 | K138: 3019 | M138: 99999 | O138: 999999 | Q138: 9999 | R138: 1170054 | T138: 1170054300
A139: IFR | B139: Acad Aff | C139: Office for Teaching & Learning | D139: 11 | E139: 70062 | H139: 300 | K139: 3019 | M139: 99999 | O139: 999999 | Q139: 9999 | R139: 1170062 | T139: 1170062300
A140: IFR | B140: Acad Aff | C140: English & Speech | D140: 11 | E140: 10103 | H140: 300 | K140: 3019 | M140: 99999 | O140: 999999 | Q140: 9999 | R140: 1110103 | T140: 1110103300
A141: IFR | B141: VPAF | C141: Budget and Planning Operations | D141: 11 | E141: 80037 | H141: 100 | K141: 3012 | M141: 99999 | O141: 999999 | Q141: 9999 | R141: 1180037 | T141: 1180037100
A142: IFR | B142: VPEM | C142: Dean Of Student Services | D142: 11 | E142: 10393 | H142: 300 | K142: 3019 | M142: 99999 | O142: 999999 | Q142: 9999 | R142: 1110393 | T142: 1110393300
... A154: IFR | B154: Acad Aff | C154: Education Service Admin | D154: 11 | E154: 70033 | H154: 300 | K154: 3019 | M154: 99999 | O154: 999999 | Q154: 9999 | R154: 1170033 | T154: 1170033300

Sheet IFR_Chartfields
A1: Department | B1: Fund Code | C1: Major Purpose | D1: Operating Unit | E1: Program Code | F1: Funding Source | G1: Special Initiatives
A2: 10060 | B2: 11 | C2: 100 | D2: 9999 | E2: 99999 | F2: 999999 | G2: 9999
A3: 10088 | B3: 11 | C3: 100 | D3: 4001 | E3: 99999 | F3: 999999 | G3: 9999
A4: 10103 | B4: 11 | C4: 300 | D4: 3019 | E4: 99999 | F4: 999999 | G4: 9999
A5: 10115 | B5: 11 | C5: 300 | D5: 3019 | E5: 99999 | F5: 999999 | G5: 9999
A6: 10208 | B6: 11 | C6: 300 | D6: 3019 | E6: 99999 | F6: 999999 | G6: 9999
A7: 10291 | B7: 11 | C7: 300 | D7: 3019 | E7: 99999 | F7: 999999 | G7: 9999
A8: 10381 | B8: 11 | C8: 100 | D8: 3012 | E8: 99999 | F8: 999999 | G8: 9999
A9: 10381 | B9: 11 | C9: 300 | D9: 3019 | E9: 99999 | F9: 999999 | G9: 9999
A10: 10393 | B10: 11 | C10: 300 | D10: 3019 | E10: 99999 | F10: 999999 | G10: 9999
A11: 60198 | B11: 11 | C11: 300 | D11: 3019 | E11: 99999 | F11: 999999 | G11: 9999
A12: 60199 | B12: 11 | C12: 300 | D12: 3019 | E12: 99999 | F12: 999999 | G12: 9999
... A25: 80291 | B25: 11 | C25: 352 | D25: 3019 | E25: 99999 | F25: 999999 | G25: 9999

Sheet OptionalCodes
A1: Program, Spec Init, Fnd Src, OU Codes | B1: Type | C1: Program, Spec Init, Fnd Src, OU Description | D1: Code Descriptions | E1: Description-Code | H1: Program, Spec Init, Fnd Src, OU Description | I1: Program, Spec Init, Fnd Src, OU Codes | J1: Type | K1: Code Descriptions
A2: 801066 | B2: Funding Src | C2: Funding Src: Excellence Fees- 801066 | D2: Excellence Fees | E2: Excellence Fees-801066
A3: 302500 | B3: Funding Src | C3: Funding Src: Exe & Global Zicklin- 302500 | D3: Exe & Global Zicklin | E3: Exe & Global Zicklin-302500 | H3: Operating Unit: Technology Fees- 3019 | I3: 3019 | J3: Operating Unit | K3: Technology Fees
A4: 802204 | B4: Funding Src | C4: Funding Src: Mellon Grant- 802204 | D4: Mellon Grant | E4: Mellon Grant-802204 | H4: Operating Unit: Adult and Continuing Education- 4001 | I4: 4001 | J4: Operating Unit | K4: Adult and Continuing Education-4001
A5: 801084 | B5: Funding Src | C5: Funding Src: Strategic Investment State$40M- 801084 | D5: Strategic Investment State$40M | E5: Strategic Investment State$40M-801084 | H5: Operating Unit: Default- 9999 | I5: 9999 | J5: Operating Unit | K5: Default-9999
A6: 801080 | B6: Funding Src | C6: Funding Src: Transformational_Investment50M- 801080 | D6: Transformational_Investment50M | E6: Transformational_Investment50M-801080 | H6: Operating Unit: High School- 3017 | I6: 3017 | J6: Operating Unit | K6: High School-3017
A7: 303000 | B7: Funding Src | C7: Funding Src: Exe & Global Weissman- 303000 | D7: Exe & Global Weissman | E7: Exe & Global Weissman-303000 | H7: Operating Unit: Child Care- 3007 | I7: 3007 | J7: Operating Unit | K7: Child Care-3007
A8: 802112 | B8: Funding Src | C8: Funding Src: HEERF: CRRSAA - InstitPortion- 802112 | D8: HEERF: CRRSAA - InstitPortion | E8: HEERF: CRRSAA - InstitPortion-802112 | H8: Operating Unit: IFR Senior Colleges- 3012 | I8: 3012 | J8: Operating Unit | K8: IFR Senior Colleges-3012
A9: 999999 | B9: Funding Src | C9: Funding Src: Default- 999999 | D9: Default | E9: Default-999999 | H9: Operating Unit: Technology Fees- 3019 | I9: 3019 | J9: Operating Unit | K9: Technology Fees-3019
A10: 4001 | B10: Operating Unit | C10: Operating Unit: Adult and Continuing Education- 4001 | D10: Adult and Continuing Education | E10: Adult and Continuing Education-4001 | H10: Operating Unit: Baruch Dorm IFR- 3027 | I10: 3027 | J10: Operating Unit | K10: Baruch Dorm IFR-3027
A11: 9999 | B11: Operating Unit | C11: Operating Unit: Default- 9999 | D11: Default | E11: Default-9999
A12: 3017 | B12: Operating Unit | C12: Operating Unit: High School- 3017 | D12: High School | E12: High School-3017
A13: 3007 | B13: Operating Unit | C13: Operating Unit: Child Care- 3007 | D13: Child Care | E13: Child Care-3007
A14: 3012 | B14: Operating Unit | C14: Operating Unit: IFR Senior Colleges- 3012 | D14: IFR Senior Colleges | E14: IFR Senior Colleges-3012
A15: 3019 | B15: Operating Unit | C15: Operating Unit: Technology Fees- 3019 | D15: Technology Fees | E15: Technology Fees-3019
A16: 3027 | B16: Operating Unit | C16: Operating Unit: Baruch Dorm IFR- 3027 | D16: Baruch Dorm IFR | E16: Baruch Dorm IFR-3027
A17: 10310 | B17: Program | C17: Program: Membership Dues- 10310 | D17: Membership Dues | E17: Membership Dues-10310
A18: 10327 | B18: Program | C18: Program: Baruch One Stop Shop- 10327 | D18: Baruch One Stop Shop | E18: Baruch One Stop Shop-10327
A19: 10454 | B19: Program | C19: Program: Vendor Services- 10454 | D19: Vendor Services | E19: Vendor Services-10454
A20: 10481 | B20: Program | C20: Program: Global Initiatives- 10481 | D20: Global Initiatives | E20: Global Initiatives-10481
A21: 10482 | B21: Program | C21: Program: Credit Card Fee- 10482 | D21: Credit Card Fee | E21: Credit Card Fee-10482
A22: 10483 | B22: Program | C22: Program: Coordinated UGRD Education- 10483 | D22: Coordinated UGRD Education | E22: Coordinated UGRD Education-10483
... A62: 9999 | B62: Spec. Initiative | C62: Spec. Initiative: Default- 9999 | D62: Default | E62: Default-9999

Sheet Level1
A1: Column1
A2: IFR
A3: Tax Levy

Sheet Level2
A1: IFR | B1: Tax Levy
A2: Acad Aff | B2: VPEM
A3: VPAF | B3: Acad Aff
A4: UWI | B4: MSPIA
A5: VPISD | B5: OCM
A6: VPSA | B6: President
A7: WSAS | B7: VPAF
A8: ZSB | B8: VPCA
A9: Library | B9: Library
A10: VPEM | B10: VPISD
B11: VPSA
B12: WSAS
B13: ZSB
B14: Coll. Wide*
B15: UWI

Sheet Level3
A1: IFR\Acad Aff | B1: IFR\VPAF | C1: Tax Levy\VPEM | D1: IFR\UWI | E1: IFR\VPISD | F1: IFR\VPSA | G1: IFR\WSAS | H1: IFR\ZSB | I1: IFR\Library | J1: Tax Levy\Acad Aff | K1: Tax Levy\MSPIA | L1: Tax Levy\OCM | M1: Tax Levy\President | N1: Tax Levy\VPAF | O1: Tax Levy\VPCA | P1: Tax Levy\Library | Q1: Tax Levy\VPISD | R1: Tax Levy\VPSA | S1: Tax Levy\WSAS | T1: Tax Levy\ZSB | U1: Tax Levy\Coll. Wide* | V1: Tax Levy\UWI | W1: IFR\VPEM
A2: ACE Administrative | B2: Business Office/Fin Operations | C2: Black Male Initiative | D2: UWI | E2: Computer Center Operations | F2: Center, Child Care | G2: Mathematics | H2: Dean Of Business | I2: Library | J2: Dean For Academic Affairs | K2: Public Affairs | L2: Communications | M2: President | N2: Accounting Operations | O2: College Relations Operations | P2: Library | Q2: Computer Center Operations | R2: Counseling & Comm Skills | S2: Anthro & Sociology | T2: Accounting | U2: Credit Card | V2: UWI | W2: Dean Of Student Services
A3: Education Service Admin | B3: Facility Maintenance Operation | C3: College Now Program | F3: Student Affairs & Serv | G3: Natural Sciences | H3: Graduate Programs | J3: Center, Writing | K3: Dean School of Public Affairs | M3: Legal, Labor, Compliance & DEI | N3: Budget and Planning Operations | R3: Physical Education | S3: Communications | T3: Economics
A4: Education&Training | B4: Security Operations | C4: Dean Of Student Services | F4: Student Disability Services | G4: Philosophy | H4: Institute, Newman RE | J4: Honors/Experimental | K4: CIDR | N4: Bursar Operations | R4: Center, Child Care | S4: English Language/Literature | T4: Law
A5: Office for Teaching & Learning | B5: Budget and Planning Operations | C5: SEEK - Special Programs | G5: History & Contemporary Civil | H5: Business PhD Progam | J5: Academic Affairs | K5: Student Recruitment | N5: Business Office/Fin Operations | R5: Athletics & Recreation | S5: Fine & Performing Arts | T5: Management
A6: English & Speech | C6: Admissions Services | G6: Communications | H6: Center, Lawrence Field/Sm Bus | J6: Office for Teaching & Learning | N6: Facility Maintenance Operation | R6: Counseling Center | S6: History & Contemporary Civil | T6: Marketing
A7: Student Placement Office | C7: International Student Services | G7: Fine & Performing Arts | H7: Executive Programs | J7: Grants And Research Admin | N7: Campus Planning & Operations | R7: Student Affairs & Serv | S7: Journalism | T7: Real Estate
C8: Student Financial Aid | H8: Economics | J8: Instructional Services | N8: Central Receiving and Stores | R8: Student Affairs-Life/Devel | S8: Mathematics | T8: Statistics
C9: Testing and Evaluation | H9: Statistics | J9: Provost Operations | N9: Facilities Planning Operations | R9: Student Disability Services | S9: Modern Languages & Literatures | T9: Dean Of Business
C10: Registrar | H10: Center, Subotnick Fin Services | J10: VP Strategic Planning, Assessm | N10: Human Resources Operations | S10: Natural Sciences | T10: Center, Student Entrprneurship
H11: Center, Weissman Intl Business | J11: English & Speech | N11: Mail and Messenger Services | S11: Philosophy | T11: Institute, Newman RE
H12: Career Services Operations | J12: Curric. & Teaching | N12: Purchasing | S12: Political Science/Government | T12: Center, Lawrence Field/Sm Bus
J13: Academic Advisement | N13: Security Operations | S13: Psychology | T13: Center, Subotnick Fin Services
J14: Institutional Research/Analys | N14: VP Finance and Administration | S14: Black & Hispanic Studies | T14: Center, Weissman Intl Business
J15: Student Placement Office | S15: Center, Performing Arts | T15: Executive Programs
J16: Education Service Admin | S16: Art Gallery | T16: Career Services Operations
J17: Education&Training | S17: Student Services | T17: Counseling-Academic
J18: Careers&Industry Partnerships | S18: Dean Of Liberal Arts | T18: Student Affairs Administration
T19: Graduate Programs
T20: Entrepreneurship & Innovation
T21: Business PhD Progam
